 Dungeon Crawl Stone Soup version 0.32-a0-136-gc02482bde3 (webtiles) character file.

Game seed: 3510547151773790144

626748 Zonian the Warrior (level 27, -4/150 (155) HPs)
             Began as a Vine Stalker Fighter on Feb 3, 2024.
             Was the Champion of Elyvilon.
             Succumbed to a jorogumo's poison
             ... while paralysed by a jorogumo
             ... on level 2 of the Realm of Zot on Feb 11, 2024.
             The game lasted 05:12:39 (82520 turns).

Zonian the Warrior (Vine Stalker Fighter)          Turns: 82520, Time: 05:12:39

HP:   -4/150 (155)  AC: 28    Str: 31    XL:     27
MP:   2/41          EV:  2    Int: 15    God:    Elyvilon [******]
Gold: 6038          SH:  0    Dex: 17    Spells: 1/53 levels left

rFire   + . .        C - +5 scythe "Finisher" {speed, execute, polearm}
rCold   x . .        (shield currently unavailable)
rNeg    . . .        b - +6 scale mail of the Pits of Slime {Rampage rElec Dex-4 Slay+5}
rPois   .            m - +2 hat of Vytaqy {SInv}
rElec   +            k - +2 cloak of Ashenzari's Fury {rElec rF+ Regen+ SInv}
rCorr   +            N - +2 pair of gloves {Dex+3}
SInv    +            D - +2 pair of boots
Will    ++++.        t - amulet of reflection
Stlth   ++++++       V - ring of Neunnil {rCorr Str+6}
HPRegen 2.05/turn    P - ring "Guetiuf" {Will+ Int+3 SInv Stlth+}
MPRegen 0.27/turn

%: reflection, guardian spirit, rampage
@: paralysed, lethally poisoned (-4 -> -27), held, slowed, studying 5 skills,
lightly drained
A: fangs 3, regeneration 1, magic shield, antimagic bite, no potion heal 2,
antennae 1, mutation resistance 1, cold vulnerability 1
}: 4/15 runes: decaying, slimy, silver, gossamer
a: Renounce Religion, Purification, Heal Other, Heal Self, Divine Vigour


You were on level 2 of the Realm of Zot.
You worshipped Elyvilon.
Elyvilon was exalted by your worship.
You visited 12 branches of the dungeon, and saw 53 of its levels.
You visited 1 bazaar.
You visited 1 ziggurat, and saw 9 of its levels.
You also visited: Ice Cave.

You collected 9110 gold pieces.
You spent 3072 gold pieces at shops.


Innate Abilities, Weirdness & Mutations

You have razor-sharp teeth.
Your natural rate of healing is unusually fast.
When hurt, damage is shared between your health and your magic reserves.
Your bite disrupts and absorbs the magic of your enemies.
Potions cannot restore your health.
You have a pair of small antennae on your head.
You are somewhat resistant to further mutation.
You are vulnerable to cold. (rC-)


   Skills:
 - Level 19.4 Fighting
 - Level 2.5(8.4) Short Blades
 - Level 12.4(12.6) Long Blades
 - Level 12.7(12.8) Polearms
 + Level 0.9(8.2) Staves
 - Level 4.0 Throwing
 - Level 12.8 Armour
 - Level 8.0 Dodging
 - Level 14.8 Stealth
 - Level 7.0 Shields
 + Level 13.7 Spellcasting
 - Level 14.6 Conjurations
 + Level 7.5 Summonings
 - Level 16.1 Translocations
 + Level 13.3 Air Magic
 - Level 15.0 Alchemy
 - Level 15.6 Invocations
 - Level 10.5 Evocations


You had one spell level left.
You knew the following spells:

 Your Spells              Type           Power      Damage    Failure   Level
a - Lesser Beckoning      Tloc           100%       N/A       1%          2
b - Iskenderun's Mystic   Conj/Tloc      54%        2d12      1%          4
c - Swiftness             Air            50%        N/A       1%          3
d - Mercury Vapours       Alch/Air       100%       N/A       1%          2
e - Fulminant Prism       Conj/Alch      26%        3d14      1%          4
f - Manifold Assault      Tloc           56%        N/A       1%          4
g - Olgreb's Toxic Radia  Alch           53%        N/A       1%          4
h - Apportation           Tloc           100%       N/A       0%          1
i - Airstrike             Air            25%        2d(4-20)  1%          4
j - Arcjolt               Conj/Air       25%        1d35      1%          5
k - Vhi's Electric Charg  Tloc/Air       100%       N/A       1%          4
l - Summon Lightning Spi  Summ/Air       41%        N/A       1%          4
m - Dispersal             Tloc           28%        N/A       2%          6
n - Summon Forest         Summ/Tloc      22%        N/A       2%          5

Your spell library contained the following spells:

 Spells                   Type           Power      Damage    Failure   Level
 Foxfire                  Conj/Fire      100%       2x1d9     1%          1
 Kiss of Death            Conj/Necr      100%       2d13      1%          1
 Shock                    Conj/Air       100%       1d9       1%          1
 Sting                    Conj/Alch      100%       1d9       1%          1
 Summon Small Mammal      Summ           100%       N/A       1%          1
 Necrotise                Necr           40%        1d6       11%         1
 Sandblast                Erth           20%        2d7       11%         1
 Cigotuvi's Dreadful Rot  Necr/Alch/Air  76%        N/A       1%          2
 Static Discharge         Conj/Air       100%       3-8/arc   1%          2
 Call Canine Familiar     Summ           32%        N/A       1%          3
 Dazzling Flash           Conj/Hex       64%        N/A       1%          3
 Gell's Gravitas          Tloc           56%        N/A       1%          3
 Mephitic Cloud           Conj/Alch/Air  52%        N/A       1%          3
 Stone Arrow              Conj/Erth      64%        3d11      1%          3
 Teleport Other           Tloc           56%        N/A       1%          3
 Passage of Golubria      Tloc           56%        N/A       1%          4
 Iskenderun's Battlesphe  Conj           53%        2d10      1%          5
 Dimensional Bullseye     Hex/Tloc       17%        N/A       4%          4
 Ignite Poison            Fire/Alch      32%        N/A       4%          4
 Leda's Liquefaction      Alch/Erth      16%        N/A       4%          4
 Sticky Flame             Fire/Alch      32%        2d7       4%          4
 Brom's Barrelling Bould  Conj/Erth      32%        2d5       5%          4
 Conjure Ball Lightning   Conj/Air       25%        3x3d7     5%          6
 Summon Ice Beast         Ice/Summ       21%        N/A       7%          3
 Freezing Cloud           Conj/Ice/Air   19%        6-21      7%          5
 Yara's Violent Unravell  Hex/Alch       16%        3d8       14%         5
 Fireball                 Conj/Fire      16%        3d8       16%         5
 Ensorcelled Hibernation  Hex/Ice        20%        N/A       17%         2
 Scorch                   Fire           20%        2d5       17%         2
 Silence                  Hex/Air        15%        N/A       21%         5
 Orb of Destruction       Conj           26%        9d9       22%         7
 Martyr's Knell           Necr/Summ      21%        N/A       24%         4
 Summon Blazeheart Golem  Fire/Summ      21%        N/A       24%         4
 Confusing Touch          Hex            10%        N/A       32%         3
 Fugue of the Fallen      Necr           10%        N/A       32%         3
 Ozocubu's Armour         Ice            10%        N/A       32%         3
 Passwall                 Erth           10%        N/A       32%         3
 Tukima's Dance           Hex            10%        N/A       32%         3
 Vampiric Draining        Necr           10%        2d6       32%         3
 Summon Mana Viper        Hex/Summ       21%        N/A       54%         5
 Malign Gateway           Summ/Tloc      22%        N/A       58%         7
 Bombard                  Conj/Erth      16%        9d3       63%         6
 Starburst                Conj/Fire      16%        6d6       63%         6
 Disjunction              Tloc           28%        N/A       67%         8
 Spellforged Servitor     Conj/Summ      21%        N/A       69%         7
 Anguish                  Hex/Necr       5%         N/A       73%         4
 Animate Dead             Necr           10%        N/A       73%         4
 Cause Fear               Hex            5%         N/A       73%         4
 Dispel Undead            Necr           10%        3d9       73%         4
 Borgnjor's Vile Clutch   Necr/Erth      5%         N/A       97%         5
 Curse of Agony           Necr           10%        N/A       97%         5
 Lee's Rapid Deconstruct  Erth           5%         3d6*      97%         5
 Monstrous Menagerie      Summ           16%        N/A       99%         7
 Death Channel            Necr           5%         N/A       100%        6
 Enfeeble                 Hex            5%         N/A       100%        7
 Haunt                    Necr/Summ      10%        N/A       100%        7
 Ozocubu's Refrigeration  Ice            5%         4d8       100%        7
 Discord                  Hex            5%         N/A       100%        8
 Ignition                 Fire           5%         3d4       100%        8
 Infestation              Necr           5%         N/A       100%        8
 Lehudib's Crystal Spear  Conj/Erth      16%        10d5      100%        8
 Summon Horrible Things   Summ           16%        N/A       100%        8
 Dragon's Call            Summ           16%        N/A       100%        9
 Fire Storm               Conj/Fire      16%        8d4       100%        9

Inventory:

Hand Weapons
 n - the +18 lance "Wyrmbane" {slay drac, rPois rF+ rC+ AC+3}
   (You found it on level 2 of the Dungeon)

   AC+3:      It affects your AC (+3).
   rF+:       It protects you from fire.
   rC+:       It protects you from cold.
   rPois:     It protects you from poison
 y - the +3 bardiche of Wyrd {freeze, *Noise ^Drain rPois Stlth+, polearm}
   (You found it on level 9 of a ziggurat)

   rPois:     It protects you from poison *Noise: It may make a loud noise when
   swung.
   ^Drain:    It drains your maximum health when unequipped.
   Stlth+:    It makes you more stealthy.
 C - the +5 scythe "Finisher" (weapon) {speed, execute, polearm}
   (You found it on level 4 of a ziggurat)
 U - the +11 Singing Sword {sonic wave}
   (You took it off an ironbound preserver on level 5 of the Vaults)
 Y - the +7 captain's cutlass {speed, disarm}
   (You found it on level 8 of a ziggurat)
Armour
 b - the +6 scale mail of the Pits of Slime (worn) {Rampage rElec Dex-4 Slay+5}
   (You found it on level 2 of the Elven Halls)

   Dex-4:     It affects your dexterity (-4).
   Slay+5:    It affects your accuracy & damage with ranged weapons and melee
   (+5).
   rElec:     It insulates you from electricity.
   Rampage:   It bestows one free step when moving towards enemies.
 c - a +3 buckler of protection
   (You took it off a tengu reaver on level 5 of the Vaults)
 k - the +2 cloak of Ashenzari's Fury (worn) {rElec rF+ Regen+ SInv}
   (You acquired it on level 5 of the Vaults)

   rF+:       It protects you from fire.
   rElec:     It insulates you from electricity.
   SInv:      It lets you see invisible.
   Regen+:    It increases your rate of health regeneration.
 m - the +2 hat of Vytaqy (worn) {SInv}
   (You found it on level 4 of the Spider Nest)

   SInv:      It lets you see invisible.
 D - a +2 pair of boots (worn)
   (You found it on level 1 of the Vaults)
 N - a +2 pair of gloves of dexterity (worn)
   (You found it on level 5 of the Vaults)
Jewellery
 s - a +6 ring of intelligence
   (You found it on level 1 of a ziggurat)
 t - an amulet of reflection (around neck)
   (You found it on level 5 of the Dungeon)
 P - the ring "Guetiuf" (right hand) {Will+ Int+3 SInv Stlth+}
   (You found it on level 15 of the Dungeon)

   [ring of willpower]

   Int+3:     It affects your intelligence (+3).
   Will+:     It increases your willpower.
   SInv:      It lets you see invisible.
   Stlth+:    It makes you more stealthy.
 V - the ring of Neunnil (left hand) {rCorr Str+6}
   (You found it on level 14 of the Dungeon)

   [ring of strength]

   Str+6:     It affects your strength (+6).
   rCorr:     It protects you from acid and corrosion.
 W - a +4 ring of protection
   (You found it on level 7 of a ziggurat)
 X - a ring of willpower
   (You found it on level 7 of a ziggurat)
Wands
 f - a wand of mindburst (35)
   (You found it on level 4 of the Dungeon)
 g - a wand of iceblast (56)
   (You found it on level 4 of the Dungeon)
 r - a wand of flame (109)
   (You found it on level 15 of the Dungeon)
 Q - a wand of acid (24)
   (You found it on level 12 of the Dungeon)
 Z - a wand of digging (22)
   (You found it on level 1 of the Swamp)
Scrolls
 a - 5 scrolls of revelation
 e - 16 scrolls of teleportation {@r4}
 i - 4 scrolls of silence {!r}
 l - 9 scrolls of fear
 w - 2 scrolls of blinking {!r}
 x - a scroll of enchant weapon
 J - 2 scrolls of summoning
 K - 7 scrolls of fog
 L - 3 scrolls of immolation {!r!r}
 M - 6 scrolls of vulnerability {!r!r}
 R - 3 scrolls of poison {!r}
 S - 3 scrolls of enchant armour
Potions
 d - 6 potions of cancellation
 j - 3 potions of might
 o - 25 potions of curing {@q1}
 p - 2 potions of magic
 q - 5 potions of resistance
 u - 9 potions of enlightenment
 v - 6 potions of berserk rage {!q}
 z - 13 potions of attraction {!q}
 A - 5 potions of lignification {!q}
 B - 5 potions of haste {@q3}
 E - 10 potions of ambrosia
 G - 8 potions of brilliance
 H - 3 potions of invisibility
 T - 3 potions of mutation {!q}
Miscellaneous
 h - a phantom mirror
   (You found it on level 5 of the Vaults)
 F - a tin of tremorstones (1/2) {throwing}
   (You found it on level 5 of the Vaults)
 I - a lightning rod (2/4)
   (You found it on level 5 of the Vaults)
 O - a box of beasts
   (You found it on level 1 of the Lair of Beasts)

Dungeon Overview and Level Annotations

Branches:
Dungeon (15/15) Zot: 24001  Temple (0/1) D:5            Lair (5/5) D:11 Zot: 21856
  Swamp (4/4) Lair:3 Zot: 18648  Spider (4/4) Lair:2 Zot: 16726   Slime (5/5) Lair:5 Zot: 24721
    Orc (2/2) D:12 Zot: 10136     Elf (3/3) Orc:2 Zot: 10478  Vaults (5/5) D:14 Zot: 19359
  Crypt (3/3) Vaults:2 Zot: 12159  Depths (4/4) D:15 Zot: 17784    Hell (visited)
    Dis (0/7) Hell            Geh (0/7) Hell            Coc (0/7) Hell
    Tar (0/7) Hell            Zot (2/5) Depths:4 Zot: 10658   IceCv (visited)
   Tomb: Crypt:3

Altars:
Cheibriados
Elyvilon
Fedhas
Gozag
Kikubaaqudgha
Makhleb
Nemelex Xobeh
Ru
Trog
Uskayaw
Vehumet
Wu Jian
Xom
Yredelemnul
Zin
Jiyva

Shops:
D:7 :   D:9 !   D:12 ?   D:13 [([[   Orc:2 :[!(   Elf:2 :

Portals:
Hell: Depths:1 Depths:2 Depths:3 Depths:4
Abyss: Depths:3 Depths:4
Pandemonium: Depths:2 Depths:3
Trove: Depths:1 (give +6 fire dragon scales)

Annotations:
D:6 1 runed translucent door, Newt's ghost, novice OpSh
Spider:1 Roxanne

## ...........# ..
.d.........# ..
.q.........# ..
...........# ..
####.......# ..
### ..# #+######
>.#########....H@#
..##.....##d...H##
....dH..........#
....)...........+
..##......⌠.....#
+###.....###+####
#######


You could see a yellow draconian and 2 jorogumos.


Message History

* * * LOW HITPOINT WARNING * * *
You feel as though you will be slow longer. 😱 HP[-37] MP[-16]
You take 37 damage, and now have 28/155 hp.
MASSIVE DAMAGE!! (PAUSE)
You lost 16 mp, and now have 15/41 mp.
You are healed.
You feel sick. The jorogumo casts a spell at you.
The stream of webbing hits you but does no damage.
You are caught in a web!
The jorogumo hits you but does no damage.
The jorogumo hits you!!
* * * LOW HITPOINT WARNING * * *
You are more poisoned.
You feel as though you will be slow longer.
The yellow draconian hits you with a +0 flail.
* * * LOW HITPOINT WARNING * * *
The jorogumo hits you!
* * * LOW HITPOINT WARNING * * *
You feel as though you will be slow longer.
The jorogumo hits you!! Elyvilon protects you from harm!
You feel as though you will be slow longer. 😱 HP[-3] MP[-15]
You take 3 damage, and now have 25/155 hp.
You lost 15 mp, and now have 0/41 mp.
Blink to where?
Press: ? - help, Dir - move target
As you read the scroll of blinking {!r}, it crumbles to dust.
You feel extremely sick. 😱 HP[-5]
You take 5 damage, and now have 20/155 hp.
Okay, then.
Okay, then.
Okay, then.
Okay, then.
Press: ? - help, v - describe, . - travel
Here: a jorogumo (fast, strong)
The floor.
Aiming: Mindburst
Press: ? - help, Shift-Dir - straight line, f - jorogumo
Aim: a jorogumo (fast, strong, chance to affect: 65%)
Okay, then.
Okay, then.
Blink to where?
Press: ? - help, Dir - move target
As you read the scroll of blinking {!r}, it crumbles to dust.
You feel very sick. 😱 HP[-2] MP[+1]
You take 2 damage, and now have 18/155 hp.
Magic courses through your body.
You feel very sick.
The jorogumo stares at you and mumbles some strange words.
The stream of webbing hits you but does no damage.
You are caught in a web!
The jorogumo casts a spell at you. The bolt of negative energy hits you!!
You feel drained.
* * * LOW HITPOINT WARNING * * *
😱 HP[-12] MP[+4]
You now have 150 max hp (-5).
You take 12 damage, and now have 6/150 hp.
You regained 4 mp, and now have 5/41 mp.
You are healed.
You feel very sick.
The jorogumo stares at you and mumbles some strange words.
The stream of webbing hits you but does no damage.
You are even more entangled. 😨 HP[+32] MP[-1]
You regained 32 hp, and now have 38/150 hp.
You lost 1 mp, and now have 4/41 mp.
Okay, then.
Okay, then.
Casting: Summon Forest (mildly dangerous; 2% risk of failure)
Confirm with . or Enter, or press ? or * to list all spells.
Okay, then.
Okay, then.
Okay, then.
Magic courses through your body.
You feel sick.
The jorogumo stares at you and mumbles some strange words.
The stream of webbing hits you but does no damage.
You are even more entangled.
The jorogumo hits you.
* * * LOW HITPOINT WARNING * * *
You are more poisoned.
You suddenly lose the ability to move!
You feel very sick. The jorogumo hits you!
* * * LOW HITPOINT WARNING * * *
You feel as though you will be slow longer.
The jorogumo hits you!
* * * LOW HITPOINT WARNING * * *
You feel as though you will be slow longer.
The jorogumo hits you!
* * * LOW HITPOINT WARNING * * *
You are lethally poisoned!
You feel as though you will be slow longer.
The jorogumo hits you!!
* * * LOW HITPOINT WARNING * * *
You feel as though you will be slow longer.
You die...

Skill      XL: |  1  2  3  4  5  6  7  8  9 10 11 12 13 14 15 16 17 18 19 20 21 22 23 24 25 26 27 |
---------------+----------------------------------------------------------------------------------+-----
Short Blades   | 2 |  2.5
Shields        | 3 4 6 7 |  7.0
Fighting       | 3 4 5 7 8 9 11 13 14 15 16 17 18 19 | 19.4
Armour         | 3 4 5 6 7 8 9 10 11 12 | 12.8
Polearms       | 1 2 3 4 6 7 8 10 11 12 | 12.7
Stealth        | 1 3 5 6 7 8 9 10 12 13 14 | 14.8
Invocations    | 2 4 5 6 7 8 10 11 12 13 14 15 | 15.6
Dodging        | 2 4 5 6 8 |  8.0
Evocations     | 3 4 5 6 8 9 10 | 10.5
Spellcasting   | 2 4 6 7 8 9 10 11 12 13 | 13.7
Translocations | 2 4 6 8 10 11 12 13 14 16 | 16.1
Conjurations   | 2 4 7 9 10 12 13 14 | 14.6
Throwing       | 1 4 |  4.0
Air Magic      | 4 7 9 10 11 13 | 13.3
Alchemy        | 2 8 11 12 13 14 15 | 15.0
Long Blades    | 3 7 9 12 | 12.4
Summonings     | 3 7 |  7.5
Staves         | |  0.9

Action                     |  1- 3 |  4- 6 |  7- 9 | 10-12 | 13-15 | 16-18 | 19-21 | 22-24 | 25-27 || total
---------------------------+-------+-------+-------+-------+-------+-------+-------+-------+-------++-------
  Melee: Rapier            |   100 |    27 |       |       |       |       |       |       |       ||   127
         Bite              |    18 |    20 |    56 |   191 |   622 |   667 |   601 |   541 |  1252 ||  3968
         Lance             |       |    85 |   264 |   666 |  1494 |  1814 |  1420 |  1234 |  2364 ||  9341
         Double sword      |       |       |       |       |       |       |       |       |    22 ||    22
         Scythe            |       |       |       |       |       |       |       |       |    13 ||    13
  Throw: Throwing net      |       |     2 |       |     4 |       |     1 |       |       |       ||     7
   Cast: Lesser Beckoning  |       |       |       |       |       |       |     4 |       |       ||     4
         Iskenderun's Myst |       |       |       |       |       |       |     3 |     4 |    14 ||    21
         Mercury Vapours   |       |       |       |       |       |       |     4 |     1 |       ||     5
         Manifold Assault  |       |       |       |       |       |       |       |     7 |    10 ||    17
         Swiftness         |       |       |       |       |       |       |       |     1 |     2 ||     3
         Airstrike         |       |       |       |       |       |       |       |       |     5 ||     5
         Olgreb's Toxic Ra |       |       |       |       |       |       |       |       |     2 ||     2
         Arcjolt           |       |       |       |       |       |       |       |       |     4 ||     4
         Summon Forest     |       |       |       |       |       |       |       |       |     4 ||     4
         Summon Lightning  |       |       |       |       |       |       |       |       |     4 ||     4
         Dispersal         |       |       |       |       |       |       |       |       |     3 ||     3
 Invoke: Heal Self         |       |       |       |     2 |     1 |     4 |     8 |     5 |     4 ||    24
         Purification      |       |       |       |     1 |     1 |     4 |       |       |     1 ||     7
         Heal Other        |       |       |       |     1 |     2 |     2 |       |     1 |       ||     6
         Divine Vigour     |       |       |       |       |       |     6 |       |     1 |     3 ||    10
  Evoke: Wand              |       |       |       |    14 |     4 |    30 |    14 |     2 |     7 ||    71
         Box of beasts     |       |       |       |     1 |     2 |       |     1 |       |     1 ||     5
         Lightning rod     |       |       |       |       |       |       |       |     2 |     5 ||     7
         Tin of tremorston |       |       |       |       |       |       |       |     2 |     4 ||     6
         Phantom mirror    |       |       |       |       |       |       |       |       |     1 ||     1
    Use: Potion            |       |     1 |     2 |     1 |     1 |     3 |     4 |     4 |     5 ||    21
         Scroll            |       |    14 |     1 |    11 |     8 |     7 |     6 |     7 |    14 ||    68
   Stab: Held in net/web   |       |       |       |     5 |       |       |       |       |     2 ||     7
         Distracted        |       |       |       |       |     1 |     7 |     8 |     9 |    17 ||    42
         Sleeping          |       |       |       |       |     3 |    19 |    39 |    24 |    33 ||   118
         Confused          |       |       |       |       |       |       |       |       |     1 ||     1
 Armour: Scale mail        |    77 |    45 |       |       |       |       |   617 |   605 |  1309 ||  2653
         Storm dragon scal |       |    33 |   147 |   281 |   589 |  1105 |    55 |       |       ||  2210
  Dodge: Dodged            |    54 |    44 |    55 |   141 |   324 |   591 |   336 |   287 |   687 ||  2519
  Block: Buckler           |    15 |    27 |    82 |   221 |   352 |   627 |   334 |   281 |   886 ||  2825
         Reflection        |       |       |     7 |    10 |    21 |     7 |    36 |     9 |    16 ||   106
         Other             |       |       |       |       |       |       |       |       |     2 ||     2

Levels and vault maps discovered:
D:1:      matt_arrival_los_fun, layout_basic, ebering_ecumenical_altar_rust
D:2:      layout_basic, grunt_decor_fettered, minmay_tall_x
D:3:      layout_loops_ring, zin_statuary, trog_hazing_becter, elyvilon_altar_4
D:4:      layout_basic, cheibriados_altar_1
D:5:      layout_gridville, nemelex_diamond_rough_becter,
          minmay_temple_entry_fiery
D:6:      layout_gridville, regret_index_xom_of_box, ebering_ghost_xom,
          uniq_maggie, uniq_eustachio, uniq_jeremiah
D:7:      layout_cave_pools, serial_gnoll_camp, gnoll_camp_huts_moat,
          gnoll_camp_mini_shop, gnoll_camp_medium_01, gnoll_camp_mini_doghouse,
          grunt_tough_drop
D:8:      layout_cave_pods, mainiacjoe_overflow_boulevard
D:9:      layout_cave_pools, nzn_wu_jian_council_hall, nicolae_stop_n_shop_1,
          einodemon_armed_red_devil_minivault
D:10:     layout_roguey, nicolae_overflow_crystal_walls, lemuel_doored_altar,
          uniq_joseph, uniq_grum, uniq_erica, uniq_lodul
D:11:     layout_cross, hellmonk_lair_entry_icy
D:12:     layout_long_grid, orc_0_dummy, serial_shops, shop_coins, minivault_5
D:13:     layout_irregular_city, serial_shops, nicolae_shop_tiny_waterfront,
          nicolae_shop_behind_doors, shop_coins, nicolae_shop_hallway_stairs
D:14:     layout_grid_maze, hellmonk_vaults_attempted_burglary, serial_shops,
          bzr_firewalk, minivault_28
D:15:     hangedman_depths_entry_try_elsewhere_first, layout_rooms,
          nicolae_uskayaw_en_pointe, hangedman_parallel_progression
Lair:1:   layout_roguey
Lair:2:   layout_concentric_octagons, dummy_spider_entry, basic_altar
Lair:3:   layout_regular_city, minmay_swamp_entry_eels, serial_bayou,
          serial_bayou_lagoon_b, serial_bayou_pond_e, serial_bayou_pond_d,
          serial_bayou_pond_a, serial_bayou_pond_a, serial_bayou_ford_a,
          beast_lair_carwin_11
Lair:4:   layout_roguey, gammafunk_ghost_icy, lemuel_fruit_tree
Lair:5:   hangedman_lair_in_review, layout_long_grid, guppyfry_lair_end_dragon,
          nicolae_slime_entry_field_trip, grunt_megastairs_5
Swamp:1:  layout_basic_swamp, nicolae_swamp_fairy_circle
Swamp:2:  nicolae_swamp_husk_halls, layout_basic_swamp,
          nicolae_swamp_rocky_clearing, swamp_pool_1_2,
          infiniplex_staircase_pool
Swamp:3:  layout_basic_swamp, nicolae_swamp_bean_lake, nicolae_swamp_long_stream
Swamp:4:  swamp_old_school, layout_basic_swamp
Spider:1: layout_chambers, uniq_jorgrun, uniq_roxanne, uniq_donald
Spider:2: layout_spider_delve
Spider:3: layout_spider_delve
Spider:4: spider_rune_water, nzn_ghost_randoct
Slime:1:  cheibrodos_slime_lost_civilization_8, layout_caves
Slime:2:  nicolae_slime_spelunking
Slime:3:  layout_caves, nicolae_slime_welcoming_committee
Slime:4:  layout_caves, nicolae_slime_ancient_tower_intersection
Slime:5:  slime_pit_nicolae_inversion
Orc:1:    layout_caves, portal_ice_cave_entry_ice_simulacra, uniq_josephine
Orc:2:    st_orc_open, layout_caves, nicolae_orc_lava_room
Elf:1:    eino_elf_arrival_customs, layout_loops_corners, minmay_elf_demonology
Elf:2:    nicolae_elf_blades_crystal_corner, layout_geoelf_diagonals,
          nicolae_custom_books, hex_tiny
Elf:3:    elf_hall_gauntlet_wide, layout_gridlike
Vaults:1: lightli_enter_wizlab_magi_temple, v_misc_14,
          nicolae_vaults_tetromino_Z_2, hangedman_vaults_capsules,
          nicolae_vaults_off_center_swirl, vaults_dpeg_hooks,
          vaults_mumra_hexcomb, nicolae_vaults_surprise_closet,
          layout_vaults_quadrants
Vaults:2: hangedman_vaults_nails, hangedman_vaults_maws,
          minmay_crypt_entry_necro_gods, nicolae_vaults_closet_pinwheel_6,
          nicolae_vaults_rhombus_7, nicolae_vaults_triangles,
          nicolae_vaults_trapezoid_layered, nicolae_vaults_house_2,
          nicolae_vaults_surprise_closet, vaults_standard_mumra_lines,
          nicolae_vaults_trapezoid_2, layout_vaults_ring, uniq_boris
Vaults:3: nicolae_vaults_closet_pinwheel_4, nicolae_vaults_branching_niches,
          v_misc_5, hangedman_vaults_cutoff, nicolae_vaults_what_the_h,
          nicolae_vaults_ninety_degrees, hangedman_vaults_variations, v_misc_17,
          nicolae_vaults_offset_grid_hallway_4, nicolae_vaults_layer_cake_slice,
          layout_vaults_maze_bifur
Vaults:4: nicolae_vaults_mini_display_case, v_misc_12, vaults_dpeg_ring,
          nicolae_vaults_back_hallway, vaults_dpeg_diagonal,
          nicolae_vaults_more_shelving_1, nicolae_vaults_trapezoid_3, v_misc_14,
          hangedman_vaults_unwind, nicolae_vaults_corridor_and_loot_room,
          layout_vaults_omnicross
Vaults:5: uniq_bai_suzhen, uniq_margery
Crypt:1:  layout_gridlike, small_statue_intersection, grunt_crypt_arrival_webbed
Crypt:2:  layout_gridlike, minmay_misc_feat_pillars, skrybe_necro_troll_2,
          uniq_sojobo, uniq_grunn
Crypt:3:  david_glass_crypt, layout_rooms, tomb_entry_shell_bobbens
Depths:1: layout_roguey, lightli_too_deep, enter_trove_0,
          minmay_misc_feat_roman, fedhas_altar_1
Depths:2: regret_index_malice_mire, layout_cave_pools, enter_ziggurat_c,
          grunt_pan_entry_sceptre, serial_co_window_serial, co_window_paths_a,
          co_window_paths_b, co_window_corner_a, co_window_corner_a,
          co_window_paths_b, co_window_corner_ca, co_window_of_opportunity_b,
          co_window_2corner, co_window_paths_c, co_window_paths_c,
          glass_columns_a, hell_entry, minmay_tree_intersection,
          chequers_serial_rivers_micro_d
Depths:3: minmay_big_diamond_grid, layout_gridlike, hell_entry, abyss_entry,
          rand_demon_pan_entry_5, vehumet_crystals, uniq_jory
Depths:4: grunt_zot_entry_tricorne, layout_honeycomb, grunt_hell_entry_dis_mu,
          abyss_entry
Hell
Zot:1:    layout_concentric_octagons, regret_index_zotdec_wing_it
Zot:2:    layout_gridville, regret_index_zotdec_banners, uniq_parghit

Notes
Turn   | Place    | Note
-------+----------+-------------------------------------------
     0 | D:1      | Zonian the Vine Stalker Fighter began the quest for the
                  | Orb.
     0 | D:1      | Reached XP level 1. HP: 11/11 MP: 2/2
     0 | D:1      | magus.rc [v1.9.6]
   131 | D:1      | Found a faded altar of an unknown god.
   495 | D:1      | Reached XP level 2. HP: 16/16 MP: 3/3
   513 | D:1      | Reached skill level 2 in Short Blades
   660 | D:1      | k - +0 storm dragon scales {rare}
  1220 | D:2      | Reached skill level 3 in Shields
  1422 | D:2      | Reached skill level 3 in Fighting
  1422 | D:2      | Reached XP level 3. HP: 17/20 MP: 2/4
  1555 | D:2      | Reached XP level 4. HP: 24/24 MP: 5/5
  1569 | D:2      | Found the +8 lance "Wyrmbane" {slay drac, rPois rF+ rC+
                  | AC+3}
  2012 | D:3      | Reached skill level 3 in Armour
  2034 | D:3      | Reached XP level 5. HP: 28/28 MP: 4/6
  2160 | D:3      | You finish putting on your +0 storm dragon scales {rare}.
  2214 | D:3      | Found a bloodstained altar of Trog.
  2295 | D:3      | Found a glowing silver altar of Zin.
  2380 | D:3      | Reached skill level 1 in Polearms
  2389 | D:3      | You pick up a book of Cantrips and begin reading...
  2389 | D:3      | You add the spells Sting, Necrotise, Summon Small Mammal
                  | and Apportation to your library.
  2399 | D:3      | Found a white marble altar of Elyvilon.
  3122 | D:4      | Found a snail-covered altar of Cheibriados.
  3490 | D:4      | Noticed a phantom
  3501 | D:4      | Killed a phantom
  3502 | D:4      | Reached XP level 6. HP: 33/33 MP: 7/7
  3688 | D:4      | your +0 storm dragon scales {rare} glow green for a moment.
  3781 | D:5      | Entered Level 5 of the Dungeon
  3781 | D:5      | Noticed a black bear
  3890 | D:5      | Reached skill level 4 in Fighting
  3890 | D:5      | Reached skill level 2 in Polearms
  3890 | D:5      | Reached skill level 4 in Shields
  4137 | D:5      | Killed a black bear
  4138 | D:5      | Reached skill level 1 in Stealth
  4138 | D:5      | Reached XP level 7. HP: 37/37 MP: 8/8
  4305 | D:5      | Reached skill level 2 in Stealth
  4393 | D:5      | Reached skill level 4 in Armour
  4525 | D:5      | Found a sparkling altar of Nemelex Xobeh.
  4529 | D:5      | magus.rc [v1.9.6]
  4596 | D:3      | Became a worshipper of Elyvilon the Healer
  4809 | D:5      | Reached skill level 3 in Polearms
  4888 | D:5      | Reached skill level 3 in Stealth
  4970 | D:5      | Found a staircase to the Ecumenical Temple.
  5011 | D:5      | Gained mutation: You have razor-sharp teeth. [Vine Stalker
                  | growth]
  5011 | D:5      | Reached XP level 8. HP: 42/42 MP: 9/9
  5038 | D:6      | Noticed Maggie
  5063 | D:6      | Killed Maggie
  5064 | D:6      | Reached skill level 5 in Fighting
  5064 | D:6      | Reached skill level 4 in Stealth
  5127 | D:6      | Reached * piety under Elyvilon
  5210 | D:6      | Noticed Eustachio
  5222 | D:6      | Killed Eustachio
  5223 | D:6      | Reached skill level 4 in Polearms
  5243 | D:6      | Found a runed translucent door.
  5243 | D:6      | Found a shimmering altar of Xom.
  5243 | D:6      | Noticed Newt's ghost (novice OpSh)
  5244 | D:6      | Noticed a +3 falchion of chaos
  5258 | D:6      | Reached skill level 5 in Armour
  5258 | D:6      | Reached skill level 5 in Stealth
  5582 | D:6      | Reached XP level 9. HP: 48/48 MP: 10/10
  5826 | D:6      | Reached skill level 6 in Stealth
  5832 | D:6      | You pick up a book of Displacement and begin reading...
  5832 | D:6      | You add the spells Lesser Beckoning, Gell's Gravitas and
                  | Teleport Other to your library.
  5877 | D:6      | Noticed Jeremiah
  5884 | D:6      | Killed Jeremiah
  5885 | D:6      | Reached skill level 6 in Fighting
  5885 | D:6      | Reached skill level 5 in Polearms
  5950 | D:6      | Found a shimmering altar of Xom.
  6167 | D:6      | Found the +2 Maxwell's thermic engine {flame, freeze, rev}
  6323 | D:7      | Reached ** piety under Elyvilon
  6324 | D:7      | magus.rc [v1.9.6]
  6369 | D:7      | Reached skill level 6 in Armour
  6369 | D:7      | Reached skill level 1 in Invocations
  6631 | D:7      | Reached skill level 2 in Invocations
  6687 | D:7      | Found Inearch's Book Boutique.
  7022 | D:7      | Reached skill level 6 in Polearms
  7059 | D:7      | Reached skill level 7 in Fighting
  7059 | D:7      | Reached XP level 10. HP: 55/55 MP: 12/12
  7103 | D:7      | Reached *** piety under Elyvilon
  7496 | D:7      | Reached skill level 3 in Invocations
  7683 | D:7      | magus.rc [v1.9.6]
  7795 | D:8      | Noticed a two-headed ogre
  7803 | D:8      | Killed a two-headed ogre
  7814 | D:8      | Noticed a two-headed ogre
  7827 | D:8      | HP: 13/55 [two-headed ogre/+0 great mace (20)]
  7829 | D:8      | Killed a two-headed ogre
  7830 | D:8      | Reached skill level 7 in Polearms
  7830 | D:8      | Reached skill level 7 in Armour
  7830 | D:8      | Reached skill level 4 in Invocations
  8287 | D:8      | Found an ancient bone altar of Kikubaaqudgha.
  8384 | D:8      | Noticed a two-headed ogre
  8394 | D:8      | Killed a two-headed ogre
  8395 | D:8      | Reached skill level 8 in Fighting
  8994 | D:8      | Reached **** piety under Elyvilon
  9249 | D:9      | Found Zyinwusk's Distillery.
  9261 | D:9      | Bought a potion of might for 60 gold pieces
  9261 | D:9      | Bought a potion of curing for 45 gold pieces
  9261 | D:9      | Bought a potion of curing for 45 gold pieces
  9261 | D:9      | Bought a potion of invisibility for 120 gold pieces
  9267 | D:9      | Reached XP level 11. HP: 60/60 MP: 15/15
  9649 | D:9      | Found an ornate altar of the Wu Jian Council.
  9683 | D:9      | Reached skill level 8 in Polearms
 10117 | D:10     | Entered Level 10 of the Dungeon
 10143 | D:10     | Noticed Lodul
 10360 | D:10     | Noticed Grum
 10379 | D:10     | Killed Grum
 10536 | D:10     | Found a burning altar of Makhleb.
 10565 | D:10     | Killed Lodul
 10566 | D:10     | Reached skill level 1 in Dodging
 10874 | D:10     | Found an opulent altar of Gozag.
 10976 | D:10     | You pick up a book of Beasts and begin reading...
 10976 | D:10     | You add the spells Summon Ice Beast, Summon Mana Viper and
                  | Monstrous Menagerie to your library.
 11068 | D:10     | Reached skill level 9 in Fighting
 11179 | D:10     | Noticed Joseph
 11197 | D:10     | Noticed Erica
 11220 | D:10     | Killed Erica
 11221 | D:10     | Reached skill level 2 in Dodging
 11221 | D:10     | Reached skill level 7 in Stealth
 11413 | D:10     | Killed Joseph
 11414 | D:10     | Reached skill level 5 in Invocations
 11599 | D:11     | Noticed a skeletal warrior
 11599 | D:11     | Noticed a skeletal warrior
 11599 | D:11     | Noticed a skeletal warrior
 11779 | D:11     | Noticed a boulder beetle
 11998 | D:11     | Found a staircase to the Lair.
 12012 | D:11     | Noticed a two-headed ogre
 12131 | D:11     | Noticed a manticore
 12774 | D:11     | Killed a manticore
 12775 | D:11     | Reached XP level 12. HP: 62/66 MP: 17/17
 12792 | Lair:1   | Entered Level 1 of the Lair of Beasts
 13111 | Lair:1   | Reached ***** piety under Elyvilon
 13199 | Lair:1   | Reached skill level 3 in Dodging
 13199 | Lair:1   | Reached skill level 8 in Stealth
 13237 | Lair:1   | Reached skill level 9 in Polearms
 13314 | Lair:1   | Reached skill level 6 in Invocations
 13407 | Lair:1   | You pick up a book of Power and begin reading...
 13407 | Lair:1   | You add the spells Iskenderun's Battlesphere, Bombard and
                  | Spellforged Servitor to your library.
 13524 | Lair:1   | Reached skill level 4 in Dodging
 13525 | Lair:1   | Noticed a seven-headed hydra
 13536 | Lair:1   | Killed a seven-headed hydra
 13537 | Lair:1   | Reached skill level 10 in Fighting
 13806 | Lair:1   | Reached skill level 10 in Polearms
 14114 | Lair:1   | magus.rc [v1.9.6]
 14160 | Lair:2   | Noticed a skyshark
 14166 | Lair:2   | Killed a skyshark
 14195 | Lair:2   | Found a sacrificial altar of Ru.
 14257 | Lair:2   | Reached skill level 11 in Fighting
 14296 | Lair:2   | your +1 storm dragon scales {rare} glow green for a moment.
 14316 | Lair:2   | Reached XP level 13. HP: 48/74 MP: 11/18
 14439 | Lair:2   | Reached skill level 8 in Armour
 14698 | Lair:2   | Reached skill level 1 in Evocations
 14860 | Lair:2   | Found a hole to the Spider Nest.
 15100 | Lair:3   | You pick up a book of the Moon and begin reading...
 15100 | Lair:3   | You add the spells Passage of Golubria, Silence and
                  | Lehudib's Crystal Spear to your library.
 15333 | Lair:3   | Reached skill level 2 in Evocations
 15450 | Lair:3   | Reached skill level 11 in Polearms
 15599 | Lair:3   | Found a staircase to the Swamp.
 15886 | Lair:4   | Noticed Uveod's ghost (journeyman FeEE)
 15912 | Lair:4   | Found a runed translucent gate.
 15912 | Lair:4   | Found a runed translucent gate.
 15912 | Lair:4   | Found a runed translucent gate.
 15960 | Lair:4   | Reached skill level 9 in Stealth
 16072 | Lair:4   | Reached skill level 7 in Invocations
 16332 | Lair:4   | Reached skill level 3 in Evocations
 16372 | Lair:4   | Reached skill level 5 in Dodging
 16451 | Lair:4   | Reached ****** piety under Elyvilon
 16892 | Lair:5   | Entered Level 5 of the Lair of Beasts
 16937 | Lair:5   | Found a viscous altar of Jiyva.
 17065 | Lair:5   | Reached XP level 14. HP: 58/79 MP: 20/20
 17503 | Lair:5   | Reached skill level 10 in Stealth
 17583 | Lair:5   | Reached skill level 4 in Evocations
 17587 | Lair:5   | Found a staircase to the Slime Pits.
 17722 | Lair:5   | Noticed a dire elephant
 17780 | Lair:5   | Killed a dire elephant
 17781 | Lair:5   | Reached skill level 12 in Fighting
 17781 | Lair:5   | Reached skill level 9 in Armour
 18189 | Lair:5   | Reached skill level 8 in Invocations
 18202 | Lair:5   | Reached skill level 6 in Dodging
 18345 | Lair:5   | You pick up a book of Callings and begin reading...
 18345 | Lair:5   | You add the spells Call Canine Familiar and Summon
                  | Blazeheart Golem to your library.
 18792 | Lair:5   | Reached skill level 12 in Polearms
 19628 | Lair:5   | Noticed a dire elephant
 19848 | Lair:5   | Killed a dire elephant
 19849 | Lair:5   | Reached skill level 1 in Spellcasting
 20909 | D:12     | Reached skill level 2 in Spellcasting
 20969 | D:12     | Found Piul's Magic Scroll Shop.
 20992 | D:12     | Bought a scroll of fear for 68 gold pieces
 20992 | D:12     | Bought a scroll of fog for 68 gold pieces
 20992 | D:12     | Bought a scroll of fear for 68 gold pieces
 20992 | D:12     | Bought a scroll of enchant armour for 127 gold pieces
 20992 | D:12     | Bought a scroll of blinking for 127 gold pieces
 20992 | D:12     | Bought a scroll of fog for 68 gold pieces
 21127 | D:12     | Reached skill level 13 in Fighting
 21330 | D:12     | You pick up a book of Death {forbidden} and begin
                  | reading...
 21330 | D:12     | You add the spells Animate Dead, Haunt and Infestation to
                  | your library.
 21339 | D:12     | your +2 storm dragon scales {rare} glow green for a moment.
 21492 | D:12     | Found a staircase to the Orcish Mines.
 21560 | D:12     | Reached XP level 15. HP: 86/86 MP: 22/22
 21661 | D:13     | magus.rc [v1.9.6]
 21847 | D:13     | Reached skill level 3 in Spellcasting
 21909 | D:13     | Found Aniazop's Antique Weapon Shop.
 21953 | D:13     | Identified the +0 trident of the Endless March {venom,
                  | rCorr Str+4 Dex+4}
 22058 | D:13     | Found Leymez's Armour Boutique.
 22189 | D:13     | Found Rakosah's Armour Emporium.
 22197 | D:13     | Bought a scarf of shadows for 204 gold pieces
 22254 | D:13     | Found Laicag's Armour Boutique.
 22639 | D:14     | Reached skill level 9 in Invocations
 22724 | D:14     | Reached skill level 7 in Dodging
 22726 | D:14     | Reached skill level 4 in Spellcasting
 23213 | D:14     | You add the spells Mercury Vapours and Olgreb's Toxic
                  | Radiance to your library.
 23408 | D:14     | Found a gate to the Vaults.
 23481 | D:14     | Identified the ring of Neunnil {rCorr Str+6}
 23589 | D:14     | Found a flickering gateway to a bazaar.
 23600 | Bazaar   | Entered a bazaar
 23600 | Bazaar   | Found Fearcher's Book Emporium.
 23600 | Bazaar   | Found Duhyroorig's Armour Emporium.
 23602 | Bazaar   | Found Riceliy's Armour Shoppe.
 23602 | Bazaar   | Found Rennuvvu's Magic Scroll Shoppe.
 23625 | Bazaar   | Bought the +1 helmet "Puniff" {rElec Slay+2} for 478 gold
                  | pieces
 23641 | Bazaar   | Bought a scroll of fear for 68 gold pieces
 24007 | D:15     | Entered Level 15 of the Dungeon
 24044 | D:15     | Reached skill level 10 in Invocations
 24096 | D:15     | Reached skill level 8 in Dodging
 24133 | D:15     | Reached skill level 14 in Fighting
 24265 | D:15     | Identified the +7 war axe "Spider's Doom" {freeze, ^Contam
                  | Will+ Int+2 Stlth+}
 24312 | D:15     | You pick up a book of Weapons and begin reading...
 24312 | D:15     | You add the spells Tukima's Dance, Dimensional Bullseye and
                  | Iskenderun's Mystic Blast to your library.
 24368 | D:15     | Identified the ring "Guetiuf" {Will+ Int+3 SInv Stlth+}
 24468 | D:15     | Found a staircase to the Depths.
 24704 | D:15     | Found a hide-covered altar of Uskayaw.
 25202 | D:15     | Reached XP level 16. HP: 93/93 MP: 24/24
 25225 | D:15     | magus.rc [v1.9.6]
 25317 | Orc:1    | Entered Level 1 of the Orcish Mines
 25324 | Orc:1    | Noticed Josephine
 25478 | Orc:1    | Killed Josephine
 25531 | Orc:1    | Found a frozen archway.
 25544 | Orc:1    | Reached skill level 11 in Stealth
 25618 | IceCv    | Entered an ice cave
 25740 | IceCv    | Found a transporter.
 25855 | Orc:2    | Entered Level 2 of the Orcish Mines
 26340 | Orc:2    | Found Entuil's Book Emporium.
 26341 | Orc:2    | Found Luporgh's Antique Armour Boutique.
 26489 | Orc:2    | Found Libosesch's Distillery.
 26490 | Orc:2    | Found Suboehit's Weapon Boutique.
 26496 | Orc:2    | Bought a potion of invisibility for 96 gold pieces
 26626 | Orc:2    | Found a staircase to the Elven Halls.
 27094 | Orc:1    | Reached skill level 5 in Spellcasting
 27589 | Spider:1 | Entered Level 1 of the Spider Nest
 27617 | Spider:1 | HP: 15/93 [steelbarb worm simulacrum (11)]
 27634 | Spider:1 | Reached skill level 5 in Evocations
 28142 | Spider:1 | Learned a level 2 spell: Lesser Beckoning
 28259 | Spider:1 | Reached skill level 12 in Stealth
 28328 | Spider:1 | Noticed Jorgrun
 28339 | Spider:1 | Killed Jorgrun
 28526 | Spider:1 | Reached skill level 15 in Fighting
 28526 | Spider:1 | Reached skill level 1 in Translocations
 28550 | Spider:1 | Noticed Roxanne
 28565 | Spider:1 | Noticed Donald
 28584 | Spider:1 | Killed Donald
 29420 | Spider:2 | Identified a scroll of acquirement
 29421 | Spider:2 | Acquired 349 gold pieces
 29500 | Spider:2 | Reached skill level 2 in Translocations
 29523 | Spider:2 | Reached skill level 6 in Spellcasting
 29576 | Spider:2 | your +3 storm dragon scales {rare} glow green for a moment.
 29704 | Spider:2 | Reached XP level 17. HP: 98/99 MP: 27/27
 30063 | Spider:2 | magus.rc [v1.9.6]
 30235 | Spider:3 | Reached skill level 11 in Invocations
 30448 | Spider:3 | Reached skill level 3 in Translocations
 30512 | Spider:3 | Reached skill level 6 in Evocations
 30710 | Spider:3 | Reached skill level 10 in Armour
 31359 | Spider:4 | Entered Level 4 of the Spider Nest
 31947 | Spider:4 | Reached skill level 4 in Translocations
 32112 | Spider:4 | Found a transporter.
 32128 | Spider:4 | Reached skill level 13 in Stealth
 32150 | Spider:4 | Reached skill level 7 in Spellcasting
 32176 | Spider:4 | Identified the +5 rapier "Vunube" {venom, rF+ rC+ Will-}
 32287 | Spider:4 | Found a transporter.
 32372 | Spider:4 | Noticed Doehiogo's ghost (adept DsRe)
 32449 | Spider:4 | Learned a level 4 spell: Iskenderun's Mystic Blast
 32841 | Spider:4 | Reached skill level 1 in Conjurations
 32946 | Spider:4 | Reached skill level 1 in Throwing
 33523 | Spider:4 | Paralysed by a hornet for 3 turns
 33792 | Spider:4 | Identified the +2 hat "Wireexar" {rElec Regen+ Str-2 Int-4}
 33794 | Spider:4 | Identified the +2 hat of Vytaqy {SInv}
 33804 | Spider:4 | Got a gossamer rune of Zot
 33886 | Spider:4 | Reached skill level 2 in Conjurations
 33886 | Spider:4 | Reached XP level 18. HP: 102/104 MP: 28/30
 34204 | Swamp:1  | Entered Level 1 of the Swamp
 34450 | Swamp:1  | magus.rc [v1.9.6]
 34467 | Swamp:1  | Reached skill level 2 in Throwing
 34467 | Swamp:1  | Reached skill level 7 in Evocations
 34593 | Swamp:1  | Reached skill level 5 in Translocations
 36212 | Swamp:2  | Reached skill level 3 in Conjurations
 37016 | Swamp:3  | Reached skill level 3 in Throwing
 37016 | Swamp:3  | Reached skill level 8 in Spellcasting
 37027 | Swamp:3  | Reached skill level 12 in Invocations
 37893 | Swamp:4  | Entered Level 4 of the Swamp
 38259 | Swamp:4  | Reached skill level 14 in Stealth
 38483 | Swamp:4  | Reached skill level 4 in Conjurations
 38496 | Swamp:4  | Reached skill level 6 in Translocations
 38890 | Swamp:4  | Reached skill level 16 in Fighting
 38894 | Swamp:4  | HP: 32/131 [seven-headed hydra (6)]
 38939 | Swamp:4  | Reached skill level 4 in Throwing
 39055 | Swamp:4  | Noticed the 27-headed Lernaean hydra
 39142 | Swamp:4  | Killed the 27-headed Lernaean hydra
 39143 | Swamp:4  | Reached skill level 11 in Armour
 39211 | Swamp:4  | Reached skill level 8 in Evocations
 39217 | Swamp:4  | Reached XP level 19. HP: 133/136 MP: 37/40
 39325 | Swamp:4  | Got a decaying rune of Zot
 39855 | Elf:1    | Entered Level 1 of the Elven Halls
 39979 | Elf:1    | Reached skill level 5 in Conjurations
 40176 | Elf:1    | Got the Monograph on Sidekicks
 40462 | Elf:1    | You pick up a book of Geomancy and begin reading...
 40462 | Elf:1    | You add the spells Sandblast, Passwall, Stone Arrow and
                  | Brom's Barrelling Boulder to your library.
 40495 | Elf:1    | Reached skill level 7 in Translocations
 41164 | Elf:2    | Identified the +6 scale mail of the Pits of Slime {Rampage
                  | rElec Dex-4 Slay+5}
 41291 | Elf:2    | You finish taking off your +4 storm dragon scales {rare}.
 41336 | Elf:2    | Found Gielutt's Self-Published Books.
 41657 | Elf:2    | Reached skill level 6 in Conjurations
 42341 | Elf:2    | Found a runed translucent gate.
 42342 | Elf:2    | Found a runed translucent gate.
 42342 | Elf:2    | Found a runed translucent gate.
 42511 | Elf:3    | Entered Level 3 of the Elven Halls
 42580 | Elf:3    | Paralysed by an air elemental for 1 turns
 42680 | Elf:3    | Reached skill level 8 in Translocations
 42696 | Elf:3    | HP: 23/111 [deep elf archer/arrow (13)]
 42702 | Elf:3    | HP: 23/111 [poisoned by a deep elf annihilator (poison
                  | arrow)]
 43676 | Elf:3    | Reached skill level 13 in Invocations
 43724 | Elf:3    | Reached skill level 7 in Conjurations
 43864 | Elf:3    | Identified the +4 mace "Koroq" {flame, Str+4}
 43864 | Elf:3    | Identified the +2 leather armour of the Sandy Grue {rF+ rC-
                  | Str+5 Slay+3}
 44588 | Elf:3    | Reached XP level 20. HP: 91/111 MP: 29/33
 45292 | Elf:3    | Reached skill level 12 in Armour
 45406 | Elf:3    | Identified the +1 robe of the Unbroken {rElec rCorr Dex+4}
 45457 | Elf:3    | You pick up a book of Burglary and begin reading...
 45457 | Elf:3    | You add the spells Ensorcelled Hibernation and Swiftness to
                  | your library.
 45462 | Elf:3    | Learned a level 3 spell: Swiftness
 45845 | Elf:3    | Identified the +4 ring mail "Egynno" {rF++ Dex+4}
 45868 | Elf:3    | Reached skill level 1 in Air Magic
 45933 | Elf:3    | You add the spells Fulminant Prism, Fireball and Starburst
                  | to your library.
 45933 | Elf:3    | Got the Papyrus of Limned Concoctions
 45941 | Elf:3    | You pick up a book of Weapons and begin reading...
 46013 | Elf:3    | Got the Octavo of Scorched Chrysopoeia
 46017 | Elf:3    | Learned a level 2 spell: Mercury Vapours
 46655 | Elf:2    | Reached skill level 9 in Translocations
 46800 | Elf:2    | Reached skill level 2 in Air Magic
 46802 | Elf:2    | Reached skill level 17 in Fighting
 47022 | Elf:2    | Reached skill level 8 in Conjurations
 47178 | Elf:2    | Identified the blade talisman "Bokuwn" {rF+ Int-4 SInv}
 47442 | Vaults:1 | Entered Level 1 of the Vaults
 47533 | Vaults:1 | Reached skill level 3 in Air Magic
 47546 | Vaults:1 | HP: 27/117 [yaktaur captain/bolt (26)]
 47548 | Vaults:1 | HP: 8/117 [yaktaur captain (14)]
 48049 | Vaults:1 | Paralysed by a formless jellyfish for 1 turns
 48054 | Vaults:1 | Reached skill level 4 in Air Magic
 48430 | Vaults:1 | Reached skill level 14 in Invocations
 48528 | Vaults:1 | Reached skill level 10 in Translocations
 49078 | Vaults:1 | Upgraded the game from 0.32-a0-43-g058985b245 to
                  | 0.32-a0-131-g9dbbe29261
 49078 | Vaults:1 | magus.rc [v1.9.6]
 49083 | Vaults:1 | Learned a level 4 spell: Fulminant Prism
 49145 | Vaults:2 | Noticed Boris
 49158 | Vaults:2 | Killed Boris
 49159 | Vaults:2 | Reached skill level 9 in Conjurations
 49159 | Vaults:2 | Reached skill level 1 in Alchemy
 49326 | Vaults:2 | Reached skill level 2 in Alchemy
 49335 | Vaults:2 | HP: 24/117 [vault guard/+0 bardiche[a vault warden] (20)]
 49361 | Vaults:2 | Reached XP level 21. HP: 56/122 MP: 5/34
 49370 | Vaults:2 | Reached skill level 5 in Air Magic
 49505 | Vaults:2 | Reached skill level 3 in Alchemy
 49785 | Vaults:2 | Found an ancient bone altar of Kikubaaqudgha.
 49788 | Vaults:2 | Found a staircase to the Crypt.
 49789 | Vaults:2 | Found a basalt altar of Yredelemnul.
 49835 | Vaults:2 | You pick up a book of the Spheres and begin reading...
 49835 | Vaults:2 | You add the spells Conjure Ball Lightning and Orb of
                  | Destruction to your library.
 49991 | Vaults:2 | Reached skill level 4 in Alchemy
 50185 | Vaults:2 | You add the spells Cigotuvi's Dreadful Rot, Ignite Poison
                  | and Freezing Cloud to your library.
 50335 | Vaults:2 | Reached skill level 5 in Alchemy
 50538 | Vaults:3 | Reached skill level 6 in Air Magic
 50790 | Vaults:3 | Reached skill level 10 in Conjurations
 50790 | Vaults:3 | Reached skill level 6 in Alchemy
 50858 | Vaults:3 | Identified the +10 hand axe of Radoim {antimagic, Fly rElec
                  | rF+ rC+}
 50895 | Vaults:3 | Reached skill level 11 in Translocations
 51278 | Vaults:3 | +0 shadow dragon scales {rare}; a shadow dragon corpse
 51295 | Vaults:3 | Reached skill level 7 in Alchemy
 51479 | Vaults:3 | Reached skill level 7 in Air Magic
 51950 | Vaults:3 | Reached skill level 18 in Fighting
 51988 | Vaults:3 | You pick up a book of the Dragon and begin reading...
 51988 | Vaults:3 | You add the spells Cause Fear and Dragon's Call to your
                  | library.
 52000 | Vaults:3 | You pick up a book of Unlife {forbidden} and begin
                  | reading...
 52000 | Vaults:3 | You add the spells Borgnjor's Vile Clutch and Death Channel
                  | to your library.
 52058 | Vaults:4 | Reached skill level 8 in Alchemy
 52155 | Vaults:4 | Reached XP level 22. HP: 102/128 MP: 35/35
 52273 | Vaults:4 | Upgraded the game from 0.32-a0-131-g9dbbe29261 to
                  | 0.32-a0-136-gc02482bde3
 52273 | Vaults:4 | magus.rc [v1.9.6]
 52635 | Vaults:4 | Reached skill level 9 in Alchemy
 52680 | Vaults:4 | Reached skill level 11 in Conjurations
 52761 | Vaults:4 | You pick up a book of Touch and begin reading...
 52761 | Vaults:4 | You add the spells Kiss of Death, Confusing Touch and
                  | Dispel Undead to your library.
 52904 | Vaults:4 | Reached skill level 8 in Air Magic
 52920 | Vaults:4 | Identified the ring "Goin" {rElec rCorr Int+3}
 53450 | Vaults:4 | Gained mutation: Your magical capacity is low. (-10% MP)
                  | [mutagenic glow]
 53458 | Vaults:4 | Reached skill level 12 in Translocations
 53476 | Vaults:4 | Gained mutation: Your health recovers twice as slowly from
                  | being drained. [mutagenic glow]
 53488 | Vaults:4 | Gained mutation: You are frail. (-10% HP) [mutagenic glow]
 53839 | Vaults:4 | Lost mutation: Your health recovers twice as slowly from
                  | being drained. [potion of mutation]
 53839 | Vaults:4 | Lost mutation: Your magical capacity is low. (-10% MP)
                  | [potion of mutation]
 53839 | Vaults:4 | Lost mutation: You are frail. (-10% HP) [potion of
                  | mutation]
 53839 | Vaults:4 | Gained mutation: You are somewhat resistant to further
                  | mutation. [potion of mutation]
 53839 | Vaults:4 | Gained mutation: You have a pair of small antennae on your
                  | head. [potion of mutation]
 54379 | Lair:4   | Killed Uveod's ghost
 54418 | Lair:4   | Got the ring of Yklofebb {Fire rN++ Int+3 Stlth-}
 54676 | Spider:4 | Killed Doehiogo's ghost
 55908 | D:7      | Bought a book of Battle for 312 gold pieces
 55908 | D:7      | You pick up a book of Battle and begin reading...
 55908 | D:7      | You add the spells Fugue of the Fallen, Ozocubu's Armour
                  | and Manifold Assault to your library.
 55913 | D:7      | Learned a level 4 spell: Manifold Assault
 56810 | Vaults:4 | Learned a level 4 spell: Olgreb's Toxic Radiance
 56811 | Vaults:5 | Entered Level 5 of the Vaults
 56838 | Vaults:4 | Reached skill level 10 in Alchemy
 57422 | Vaults:5 | HP: 28/116 [yaktaur captain/+0 flail (3)]
 57427 | Vaults:5 | HP: 19/117 [war gargoyle/spray of metal splinters (10)]
 57547 | Vaults:5 | +0 shadow dragon scales {rare}; a shadow dragon corpse
 57569 | Vaults:5 | Noticed Bai Suzhen
 57585 | Vaults:5 | Killed Bai Suzhen
 57855 | Vaults:5 | quicksilver dragon scales {rare}; a quicksilver dragon
                  | corpse
 57868 | Vaults:5 | Identified the ring of Bos Dych {rF- rC+ Int+3 Dex+5
                  | Slay+3}
 58019 | Vaults:5 | Reached skill level 9 in Air Magic
 58268 | Vaults:5 | Reached skill level 9 in Spellcasting
 58288 | Vaults:5 | Reached skill level 11 in Alchemy
 58317 | Vaults:5 | HP: 30/123 [deep troll earth mage (3)]
 58322 | Vaults:5 | HP: 29/125 [vault warden/+2 great sword of holy wrath (8)]
 58349 | Vaults:5 | Reached skill level 12 in Conjurations
 58349 | Vaults:5 | Reached XP level 23. HP: 47/129 MP: 27/37
 58495 | Vaults:5 | You add the spells Ozocubu's Refrigeration and Discord to
                  | your library.
 58539 | Vaults:5 | Identified the +3 leather armour of Amorality {rElec SInv}
 58875 | Vaults:5 | Identified the +11 scimitar of the Bedazzled God {heavy,
                  | rElec Str+3}
 58875 | Vaults:5 | Identified the +3 robe "Rashra" {rPois rC- SInv}
 58934 | Vaults:5 | +0 shadow dragon scales {rare}; a shadow dragon skeleton
 59010 | Vaults:5 | Noticed a dread lich
 59026 | Vaults:5 | Killed a dread lich
 59040 | Vaults:5 | Noticed a golden dragon
 59082 | Vaults:5 | Killed a golden dragon
 59082 | Vaults:5 | Identified +0 gold dragon scales
 59083 | Vaults:5 | Reached skill level 13 in Translocations
 59147 | Vaults:5 | Got the Papyrus of the Geodesic and Bombardment
 59229 | Vaults:5 | +0 gold dragon scales {rare}; a golden dragon corpse
 59321 | Vaults:5 | Reached skill level 12 in Alchemy
 59800 | Vaults:5 | Got a silver rune of Zot
 59859 | Vaults:5 | You pick up a book of Death {forbidden} and begin
                  | reading...
 59881 | Vaults:5 | Acquired the +2 cloak of Ashenzari's Fury {rElec rF+ Regen+
                  | SInv}
 59883 | Vaults:5 | You drop +4 storm dragon scales {rare}.
 59967 | Vaults:5 | Reached skill level 10 in Air Magic
 59997 | Vaults:5 | Reached skill level 10 in Spellcasting
 60021 | Vaults:5 | an ironbound preserver comes into view. It is wielding the
                  | +8 arc blade {discharge, rElec}.
 60197 | Vaults:5 | Identified the +9 war axe "Arbiter" {spect, Int+3}
 60198 | Vaults:5 | Identified a potion of experience
 60204 | Vaults:5 | Reached skill level 19 in Fighting
 60248 | Vaults:5 | Reached XP level 24. HP: 141/141 MP: 38/38
 60254 | Vaults:5 | Identified the +12 chain mail of Tenacity {Str+3 Int+3}
 60260 | Vaults:5 | You pick up a book of the Earth and begin reading...
 60260 | Vaults:5 | You add the spells Leda's Liquefaction and Lee's Rapid
                  | Deconstruction to your library.
 60270 | Vaults:5 | You pick up a book of the Senses and begin reading...
 60270 | Vaults:5 | You add the spells Dazzling Flash, Mephitic Cloud and Curse
                  | of Agony to your library.
 60273 | Vaults:5 | Learned a level 1 spell: Apportation
 60312 | Vaults:5 | You add the spells Malign Gateway and Summon Horrible
                  | Things to your library.
 60323 | Vaults:5 | You add the spells Shock, Vampiric Draining and Arcjolt to
                  | your library.
 60323 | Vaults:5 | Got Oclobinkent's Essays on Gloom and the Brume
 60327 | Vaults:5 | Got Salun's Anthology of the Sixfirhy and Kindling
 60336 | Vaults:5 | You pick up a book of the Dragon and begin reading...
 60468 | Vaults:5 | +0 shadow dragon scales {rare}; a shadow dragon skeleton
 60472 | Vaults:5 | +0 shadow dragon scales {rare}; a shadow dragon skeleton
 60526 | Vaults:5 | Identified the +8 lajatang of Midnight {vamp, Str+3 Dex+2
                  | Stlth+}
 60538 | Vaults:5 | an ironbound preserver comes into view. It is wielding the
                  | +11 Singing Sword {sonic wave}.
 60724 | Vaults:5 | magus.rc [v1.9.6]
 61273 | Depths:1 | Entered Level 1 of the Depths
 61294 | Depths:1 | Reached skill level 1 in Long Blades
 61608 | Depths:1 | Reached skill level 2 in Long Blades
 61759 | Depths:1 | You pick up a book of Necromancy {forbidden} and begin
                  | reading...
 61885 | Depths:1 | Found a blossoming altar of Fedhas.
 61917 | Depths:1 | Found a gateway to Hell.
 62005 | Depths:1 | Found a portal to a secret trove of treasure.
 62252 | Depths:1 | Reached skill level 13 in Alchemy
 62463 | Depths:1 | Reached skill level 3 in Long Blades
 62463 | Depths:1 | Reached skill level 13 in Conjurations
 62815 | Depths:2 | Found a one-way gateway to a ziggurat.
 62890 | Depths:2 | Reached XP level 25. HP: 145/145 MP: 38/38
 63360 | Depths:2 | Reached skill level 4 in Long Blades
 63613 | Depths:2 | Found a one-way gate leading to the halls of Pandemonium.
 63737 | Depths:2 | Identified the ring "Uskyt" {rPois Str+4 Int+4}
 64103 | Depths:2 | You pick up a book of Air and begin reading...
 64112 | Depths:2 | Learned a level 4 spell: Airstrike
 64583 | Depths:2 | magus.rc [v1.9.6]
 64640 | Depths:3 | Reached skill level 5 in Long Blades
 64902 | Depths:3 | Reached skill level 11 in Spellcasting
 64911 | Depths:3 | Identified +0 gold dragon scales
 64912 | Depths:3 | Reached skill level 14 in Translocations
 64913 | Depths:3 | +0 gold dragon scales {rare}; a golden dragon corpse
 64916 | Depths:3 | Noticed Jory
 64943 | Depths:3 | Killed Jory
 64991 | Depths:3 | Reached skill level 9 in Evocations
 65010 | Depths:3 | Reached skill level 14 in Alchemy
 65033 | Depths:3 | Reached skill level 6 in Long Blades
 65223 | Depths:3 | You pick up a book of Death {forbidden} and begin
                  | reading...
 65393 | Depths:3 | Found a one-way gate to the infinite horrors of the Abyss.
 65407 | Depths:3 | Found a radiant altar of Vehumet.
 65818 | Depths:4 | Entered Level 4 of the Depths
 65977 | Depths:4 | Found a gate to the Realm of Zot.
 66758 | Depths:4 | Reached skill level 7 in Long Blades
 67465 | Crypt:1  | Entered Level 1 of the Crypt
 67494 | Crypt:1  | You pick up a book of the Earth and begin reading...
 67508 | Crypt:1  | Learned a level 5 spell: Arcjolt
 67743 | Crypt:1  | Identified the +2 robe of the Gloaming {+Blink rC+ Int+3}
 67746 | Crypt:1  | Identified the +0 robe "Asanefex" {Rampage +Blink Dex-5}
 67746 | Crypt:1  | Noticed Boris
 67759 | Crypt:1  | Killed Boris
 67836 | Crypt:1  | Reached XP level 26. HP: 111/146 MP: 24/39
 67974 | Crypt:1  | Reached skill level 5 in Shields
 67983 | Crypt:1  | Reached skill level 15 in Invocations
 68366 | Crypt:2  | Reached skill level 11 in Air Magic
 68504 | Crypt:2  | Reached skill level 14 in Conjurations
 68881 | Elf:2    | Bought Zyinlif's Incunabulum of Peace and Solitude for 780
                  | gold pieces
 68881 | Elf:2    | You add the spells Dispersal and Disjunction to your
                  | library.
 68886 | Elf:2    | Learned a level 4 spell: Vhi's Electric Charge
 68989 | Orc:2    | Bought a book of Storms for 338 gold pieces
 68989 | Orc:2    | You pick up a book of Storms and begin reading...
 68989 | Orc:2    | You add the spells Static Discharge and Summon Lightning
                  | Spire to your library.
 68994 | Orc:2    | Learned a level 4 spell: Summon Lightning Spire
 69925 | Crypt:2  | Reached skill level 1 in Summonings
 70001 | Crypt:2  | Reached skill level 8 in Long Blades
 70203 | Crypt:2  | Acquired the ring "Kogia" {rElec MP+9 Slay+4}
 70312 | Crypt:2  | Noticed Sojobo
 70323 | Crypt:2  | Killed Sojobo
 70556 | Crypt:3  | Entered Level 3 of the Crypt
 70721 | Crypt:3  | Identified the +2 robe of the Thistle {rF- rCorr Str+3
                  | Dex+7}
 70721 | Crypt:3  | Noticed Boris
 70892 | Crypt:2  | Killed Boris
 71032 | Crypt:3  | Reached skill level 2 in Summonings
 71354 | Crypt:3  | Noticed a curse skull
 71356 | Crypt:3  | Noticed a curse skull
 71395 | Crypt:3  | Reached skill level 12 in Spellcasting
 71851 | Crypt:3  | Reached skill level 10 in Evocations
 72015 | Crypt:2  | Killed a curse skull
 72502 | Crypt:3  | Noticed a dread lich
 72597 | Crypt:3  | Noticed a curse skull
 73274 | Crypt:3  | Killed a curse skull
 73476 | Crypt:3  | HP: 34/148 [flayed ghost/flay_damage[a curse skull] (10)]
 73477 | Crypt:3  | Killed a curse skull
 73775 | Crypt:3  | Noticed an ancient lich
 73956 | Crypt:3  | Killed a dread lich
 73957 | Crypt:3  | Reached skill level 6 in Shields
 73969 | Crypt:3  | Killed an ancient lich
 73970 | Crypt:3  | Reached skill level 3 in Summonings
 73975 | Crypt:3  | Reached skill level 9 in Long Blades
 73981 | Crypt:3  | Identified the staff of the Bursting Ancients {*Slow rElec
                  | rN+ Necro Air Alchemy}
 73981 | Crypt:3  | Identified the death talisman "Birouled" {Fly Int+2 Dex+5}
 73988 | Crypt:3  | Got the Parchment of Torrid Nonlocality
 73990 | Crypt:3  | You pick up a book of Beasts and begin reading...
 74521 | Slime:1  | Entered Level 1 of the Pits of Slime
 75376 | Slime:4  | Gained mutation: You are vulnerable to cold. (rC-) [a
                  | shining eye]
 75391 | Slime:4  | Reached skill level 15 in Alchemy
 75391 | Slime:4  | Paralysed by a formless jellyfish for 1 turns
 75514 | Slime:5  | Entered Level 5 of the Pits of Slime
 75574 | Slime:5  | Reached XP level 27. HP: 155/155 MP: 40/40
 75599 | Slime:5  | Learned a level 6 spell: Dispersal
 75619 | Slime:5  | Noticed the Royal Jelly
 75981 | Slime:5  | Reached skill level 4 in Summonings
 76198 | Slime:5  | Paralysed by a formless jellyfish for 1 turns
 76528 | Slime:5  | Found a viscous altar of Jiyva.
 76830 | Slime:5  | Killed the Royal Jelly
 76831 | Slime:5  | Reached skill level 10 in Long Blades
 76831 | Slime:5  | Reached skill level 12 in Air Magic
 77080 | Slime:5  | Identified the amulet "Qiad" {RegenMP Regen+ Str+3 Int-3}
 77082 | Slime:5  | Got a slimy rune of Zot
 77192 | Slime:5  | Got Pitumm's Vellum of Pneumatic Wildfire
 77194 | Slime:5  | Identified the ring of Pinly {rCorr MP+9 Int+2}
 77198 | Slime:5  | Got the Papyrus of Posthumous Sidekicks
 77199 | Slime:5  | Identified the +0 battleaxe of Moderation {venom, rElec
                  | Int+3}
 77461 | Slime:5  | Identified the staff "Vine Stalker's Regret" {rF+ Str+4
                  | Fire}
 77532 | Slime:5  | Identified the ring "Xelloan" {rElec MP+9 Int+6}
 77534 | Slime:5  | Identified the staff "Qies" {Int+5 Conj Summ}
 77536 | Slime:5  | You pick up a book of Hexes and begin reading...
 77536 | Slime:5  | You add the spells Anguish and Enfeeble to your library.
 77550 | Slime:5  | Identified the +1 short sword "Guer" {protect, rPois}
 78205 | Zot:1    | Entered Level 1 of the Realm of Zot
 78412 | Zot:1    | Noticed an electric golem
 78436 | Zot:1    | Killed an electric golem
 78452 | Zot:1    | HP: 36/155 [white draconian/blast of cold[a purple
                  | draconian shifter] (4)]
 78636 | Zot:1    | Reached skill level 5 in Summonings
 78704 | Zot:1    | Noticed an electric golem
 78714 | Zot:1    | Killed an electric golem
 78726 | Zot:1    | quicksilver dragon scales {rare}; a quicksilver dragon
                  | corpse
 78830 | Zot:1    | Noticed an electric golem
 78841 | Zot:1    | Killed an electric golem
 78864 | Zot:1    | Reached skill level 7 in Shields
 79489 | Zot:2    | +0 shadow dragon scales {rare}; a shadow dragon corpse
 79655 | Zot:2    | magus.rc [v1.9.6]
 79798 | Hell     | Entered the Vestibule of Hell
 79798 | Hell     | Noticed Geryon
 79815 | Hell     | Killed Geryon
 79994 | Hell     | Found a gateway to the ashen valley of Gehenna.
 80051 | Hell     | Found a gateway to the Iron City of Dis.
 80080 | Hell     | Reached skill level 11 in Long Blades
 80121 | Hell     | Reached skill level 13 in Spellcasting
 80132 | Hell     | Reached skill level 15 in Translocations
 80330 | Hell     | Found a gateway to the freezing wastes of Cocytus.
 80438 | Hell     | Noticed an ancient lich
 80444 | Hell     | Reached skill level 6 in Summonings
 80451 | Hell     | Killed an ancient lich
 80460 | Hell     | Found a gateway to the decaying netherworld of Tartarus.
 80934 | Depths:1 | Learned a level 5 spell: Summon Forest
 80988 | Zig:1    | Entered Level 1 of a ziggurat
 80999 | Zig:1    | Identified the +1 robe "Fywostoy" {Harm ^Drain rPois}
 81007 | Zig:2    | Entered Level 2 of a ziggurat
 81075 | Zig:3    | Entered Level 3 of a ziggurat
 81220 | Zig:4    | Entered Level 4 of a ziggurat
 81223 | Zig:4    | Found the +5 scythe "Finisher" {speed, execute}
 81262 | Zig:5    | Entered Level 5 of a ziggurat
 81329 | Zig:5    | You add the spells Sticky Flame and Ignition to your
                  | library.
 81433 | Zig:6    | Entered Level 6 of a ziggurat
 81468 | Zig:6    | Reached skill level 12 in Long Blades
 81468 | Zig:6    | Reached skill level 13 in Air Magic
 81719 | Zig:7    | Entered Level 7 of a ziggurat
 81744 | Zig:7    | Reached skill level 7 in Summonings
 81919 | Zig:8    | Entered Level 8 of a ziggurat
 81927 | Zig:8    | Found the +7 captain's cutlass {speed, disarm}
 82134 | Zig:9    | Entered Level 9 of a ziggurat
 82339 | Zig:9    | Identified the +3 bardiche of Wyrd {freeze, *Noise ^Drain
                  | rPois Stlth+}
 82343 | Zig:9    | Identified the +3 hand cannon "Edoteemo" {antimagic, rPois
                  | Dex+3}
 82357 | Zig:9    | Reached skill level 16 in Translocations
 82512 | Zot:2    | HP: 28/155 [jorogumo[a protean progenitor] (15)]
 82513 | Zot:2    | Elyvilon protects you from harm!
 82516 | Zot:2    | HP: 6/150 [jorogumo/bolt of negative energy[a protean
                  | progenitor] (12)]
 82518 | Zot:2    | Paralysed by a jorogumo for 3 turns
 82520 | Zot:2    | Succumbed to a jorogumo's poison

Vanquished Creatures
  the Royal Jelly (Slime:5)
  2 ancient liches
  2 dread liches
  Boris (thrice) (Vaults:2 Crypt:1 Crypt:2)
  Bai Suzhen (Vaults:5)
  the Lernaean hydra (Swamp:4)
  3 Killer Klowns (Zig:6)
  Geryon (Hell)
  4 golden dragons
  A bone dragon (Depths:4)
  Jory (Depths:3)
  3 electric golems (Zot:1)
  9 tentacled monstrosities
  Jorgrun (Spider:1)
  A hellephant (Hell)
  6 liches
  4 titans
  3 deep elf blademasters
  A walking divine tome (Depths:3)
  8 sphinxes
  A death cob (Zot:1)
  The ghost of Doehiogo the Eclecticist, an adept DsRe of Vehumet (Spider:4)
  4 quicksilver dragons
  17 acid blobs
  An Executioner (Zig:6)
  11 ancient champions
  2 deep elf master archers (Elf:3)
  3 thorn hunters
  4 storm dragons
  Donald (Spider:1)
  9 tengu reavers
  4 draconian monks
  8 fire giants
  16 azure jellies
  10 shadow dragons
  3 draconian knights
  2 protean progenitors
  9 rockslimes
  2 daevas (Depths:2)
  A draconian scorcher (Zot:1)
  A balrug (Depths:1)
  4 revenants
  8 emperor scorpions
  4 draconian shifters
  18 vault wardens
  3 fenstrider witches
  5 deep elf sorcerers
  6 ghost moths
  9 frost giants
  3 iron dragons
  3 curse skulls
  5 deep elf elementalists (Elf:3)
  3 draconian annihilators
  3 ghouls (Crypt:1)
  A draconian stormcaller (Zig:7)
  21 ironbound preservers
  2 angels (Depths:2)
  10 formless jellyfish
  11 very ugly things
  2 reapers (Hell)
  7 quicksilver oozes
  A spriggan defender (Depths:2)
  A caustic shrike skeleton (Crypt:2)
  13 ironbound thunderhulks
  18 stone giants
  2 broodmothers
  8 deep elf death magi
  2 vampire knights
  5 deep elf demonologists
  5 eleionomae
  3 war gargoyles
  4 deep elf annihilators
  4 white draconians
  3 yellow draconians (Zot:1)
  5 green draconians
  5 black draconians
  9 dire elephants
  2 lorocyprocas (Depths:3)
  14 spark wasps
  2 purple draconians
  3 red draconians
  4 eidola
  3 ettins
  6 bunyips
  9 jiangshi
  A mummy priest (Crypt:3)
  2 merfolk javelineers
  3 blizzard demons (Hell)
  Josephine (Orc:1)
  3 entropy weavers
  17 yaktaur captains
  9 fire dragons
  A shambling mangrove (Swamp:3)
  5 deep elf high priests
  2 merfolk impalers (Depths:2)
  2 fenstrider witch zombies
  The ghost of Uveod the Nimble, a journeyman FeEE of Gozag (Lair:4)
  12 great orbs of eyes
  2 rakshasas
  5 ghost crabs
  3 catoblepae
  4 spriggan air magi
  20 hydras
  36 vault guards
  3 ogre magi
  6 ice dragons
  7 radroaches
  14 ironbound frosthearts
  Erica (D:10)
  3 death knights
  A two-headed ogre (shapeshifter) (D:13)
  A satyr (Zig:3)
  22 dancing weapons
  16 alligators
  8 centaur warriors
  A sphinx zombie (Vaults:3)
  13 two-headed ogres
  7 boulder beetles
  7 death yaks (Lair:5)
  A jorogumo (Spider:2)
  5 tengu warriors
  5 vampire magi
  7 deep troll shamans
  A shock serpent (shapeshifter) (Vaults:5)
  9 deep troll earth magi
  4 hell hogs (Hell)
  30 deep elf knights
  An occultist (Depths:1)
  8 spriggan berserkers
  2 orc high priests
  3 sun demons
  2 titan zombies (Hell)
  7 hell knights
  7 demonic crawlers
  3 soul eaters
  13 iron trolls
  18 spriggans
  2 storm dragon zombies
  5 pharaoh ants
  Lodul (D:10)
  A skyshark (Lair:2)
  2 spark wasp zombies (Hell)
  A sea snake (Zig:5)
  2 shadow wraiths (Crypt:3)
  An iron giant zombie (Crypt:1)
  6 goliath frogs
  37 skeletal warriors
  15 swamp dragons
  A storm dragon skeleton (Crypt:1)
  A golden dragon zombie (Hell)
  2 mana vipers (shapeshifter)
  14 orb spiders
  3 spriggan druids
  A sun moth (Spider:1)
  2 bog bodies
  7 flayed ghosts
  52 deep trolls
  2 shadow dragon zombies
  An orange crystal statue (Spider:4)
  7 deep elf archers
  4 glowing orange brains
  5 arcanists
  38 ugly things
  A fenstrider witch simulacrum (Crypt:1)
  4 necromancers
  9 steelbarb worms
  13 lindwurms
  A jorogumo zombie (Crypt:3)
  8 phantasmal warriors
  35 deep elf pyromancers
  24 ironbound convokers
  4 orc knights
  A faun (Zig:3)
  A goliath frog zombie (Crypt:1)
  9 harpies
  A shining eye (shapeshifter) (Depths:3)
  34 deep elf zephyrmancers
  2 stone giant zombies (Hell)
  7 cyclopes
  A fire giant zombie (Hell)
  A cyclops (shapeshifter) (Vaults:5)
  An alligator zombie (Crypt:1)
  18 wolf spiders
  2 manticores
  An orc sorcerer (Elf:1)
  4 shining eyes
  An elephant (shapeshifter) (Vaults:5)
  A salamander (D:15)
  A faun (shapeshifter) (Vaults:5)
  A tengu skeleton (Vaults:3)
  A frost giant zombie (Hell)
  A salamander (shapeshifter) (Vaults:4)
  12 moths of wrath
  2 will-o-the-wisps
  3 meliai (Spider:3)
  A stone giant skeleton (Crypt:3)
  2 kobold blastminers (Orc:2)
  3 rust devils
  9 black mambas
  21 elephants
  A frost giant skeleton (Crypt:3)
  4 smoke demons
  3 spectral iron trolls (Crypt:2)
  Joseph (D:10)
  An apocalypse crab (Zig:6)
  14 vault sentinels
  Maggie (D:6)
  9 torpor snails
  2 molten gargoyles (Hell)
  15 cane toads
  2 hellions (Hell)
  11 rime drakes
  11 komodo dragons
  4 freezing wraiths
  Jeremiah (D:6)
  An unseen horror (D:13)
  A spectral deep troll (Crypt:2)
  A sea snake zombie (Crypt:1)
  6 guardian mummies (Crypt:3)
  2 efreet (D:14)
  A green draconian zombie (Crypt:1)
  A death yak skeleton (Crypt:2)
  24 yaktaurs
  An unseen horror skeleton (Crypt:3)
  2 ice devils (Hell)
  3 tengu conjurers
  A human skeleton (Vaults:3)
  A pale draconian skeleton (Crypt:1)
  3 red devils (D:9)
  14 trolls
  A bloated husk (Swamp:2)
  A troll (shapeshifter) (Depths:1)
  23 tarantellas
  3 polar bears
  2 merfolk (Zig:5)
  7 tyrant leeches
  17 blink frogs
  An ettin zombie (Hell)
  23 hornets
  A harpy skeleton (Crypt:1)
  A snapping turtle (shapeshifter) (Zig:6)
  7 dream sheep
  A hydra skeleton (Crypt:1)
  7 glass eyes
  A spriggan zombie (Hell)
  2 snapping turtles (Zig:5)
  32 jumping spiders
  17 culicivoras
  A shadow (D:10)
  110 slime creatures
  A vampire (D:9)
  3 air elementals
  9 water elementals
  7 wraiths
  43 yaks
  A yak (shapeshifter) (D:15)
  9 wyverns
  6 basilisks
  5 golden eyes
  A spriggan (shapeshifter) (D:14)
  2 fire elementals
  A fire bat (D:6)
  A steam dragon (Lair:3)
  Grum (D:10)
  Eustachio (D:6)
  A warg (Orc:2)
  33 redbacks
  28 vampire mosquitoes
  2 hell hounds (D:15)
  12 swamp worms
  16 water moccasins
  A harpy simulacrum (Crypt:2)
  A naga zombie (Crypt:1)
  A two-headed ogre skeleton (Crypt:3)
  24 orc warriors
  15 swamp drakes
  3 ice beasts
  A hydra simulacrum (Lair:4)
  A snapping turtle zombie (Crypt:3)
  A water nymph skeleton (Crypt:3)
  2 black bears
  2 sky beasts
  9 wolves
  2 black mamba simulacra (Lair:4)
  7 laughing skulls (Crypt:1)
  A boggart (Vaults:3)
  A lindwurm zombie (Crypt:3)
  31 ogres
  18 centaurs
  4 phantoms
  2 dream sheep skeletons (Crypt:2)
  A torpor snail zombie (Crypt:3)
  6 bullfrogs
  A necrophage (Crypt:1)
  4 gnoll sergeants
  2 two-headed ogre simulacra (Orc:1)
  2 cane toad simulacra
  A scorpion (D:7)
  An earth elemental (Zig:4)
  9 wights
  A cyclops skeleton (Crypt:2)
  A raiju zombie (Crypt:1)
  A water moccasin skeleton (Crypt:2)
  9 killer bees
  8 howler monkeys
  A shapeshifter skeleton (Crypt:3)
  6 electric eels
  13 hounds
  2 komodo dragon simulacra (Lair:4)
  3 gnoll boudas (D:7)
  6 jellies
  3 bombardier beetles
  13 orc priests
  9 iguanas
  19 orc wizards
  8 hell rats
  2 polar bear simulacra
  A spriggan simulacrum (Orc:1)
  2 troll simulacra (Orc:1)
  2 wolf simulacra (IceCv)
  A tengu zombie (Crypt:2)
  An ogre skeleton (Crypt:2)
  A deep dwarf skeleton (Crypt:1)
  13 adders
  36 gnolls
  A naga simulacrum (Orc:1)
  4 river rats (D:15)
  2 white imps
  4 ufetubi
  3 ribbon worms (D:2)
  A dart slug (D:1)
  59 orcs
  3 bats
  3 endoplasms
  2 giant cockroaches
  11 goblins
  4 hobgoblins
  17 jackals
  13 kobolds
  3 quokkas
  13 ball pythons
  10 frilled lizards
  A frilled lizard skeleton (Crypt:2)
  13 rats
  A river rat skeleton (Crypt:2)
  An aspiring flesh (Zot:1)
  A snaplasher vine (Zig:7)
2313 creatures vanquished.

Vanquished Creatures (collateral kills)
  Sojobo (Crypt:2)
  A draconian annihilator (Zig:7)
  A tyrant leech (Zig:9)
  A yak (Lair:3)
  A bullfrog (Lair:2)
5 creatures vanquished.

Vanquished Creatures (others)
  A walking crystal tome (Depths:3)
  A fenstrider witch (Zig:9)
  A spriggan defender (Depths:2)
  A bunyip (Zig:9)
  An ogre mage (Orc:2)
  A deep elf knight (Elf:2)
  A spriggan druid (Swamp:3)
  A bog body (Zig:8)
  A will-o-the-wisp (Zig:9)
  6 bloated husks
  2 tyrant leeches
  A swamp drake (Zig:9)
  A kobold brigand (D:9)
  A gnoll (D:7)
  4 foxfires
  2 snaplasher vines (Zig:7)
26 creatures vanquished.

Grand Total: 2344 creatures vanquished

Table legend:
 A = Non-vault XP
 B = Vault XP
 C = Vault XP percentage of total XP
 D = Non-vault monster count
 E = Vault monster count
 F = Vault count percentage of total count
                 A         B        C        D         E       F
            +---------+---------+-------+---------+---------+-------
      Total |  766970 |  541154 |  41.4 |    1525 |     780 |  33.8
            +---------+---------+-------+---------+---------+-------
        D:1 |      32 |       0 |   0.0 |      19 |       0 |   0.0
        D:2 |      66 |      19 |  22.4 |      21 |       4 |  16.0
        D:3 |     159 |       9 |   5.4 |      20 |       6 |  23.1
        D:4 |     133 |       0 |   0.0 |       9 |       0 |   0.0
        D:5 |     886 |       0 |   0.0 |      15 |       0 |   0.0
        D:6 |     909 |    1287 |  58.6 |      20 |       5 |  20.0
        D:7 |     344 |    1415 |  80.4 |       7 |      47 |  87.0
        D:8 |    3742 |       0 |   0.0 |      19 |       0 |   0.0
        D:9 |    1403 |    1166 |  45.4 |      31 |       5 |  13.9
       D:10 |    2008 |    3299 |  62.2 |      21 |      13 |  38.2
       D:11 |    4270 |     882 |  17.1 |      24 |       5 |  17.2
       D:12 |    4173 |       0 |   0.0 |      17 |       0 |   0.0
       D:13 |    7302 |       0 |   0.0 |      19 |       0 |   0.0
       D:14 |   12028 |    8836 |  42.4 |      29 |      13 |  31.0
       D:15 |    7963 |    6437 |  44.7 |      20 |      51 |  71.8
     Lair:1 |    8997 |       0 |   0.0 |      31 |       0 |   0.0
     Lair:2 |    6863 |       0 |   0.0 |      25 |       0 |   0.0
     Lair:3 |    8855 |     536 |   5.7 |      35 |       5 |  12.5
     Lair:4 |    9473 |    2568 |  21.3 |      29 |       9 |  23.7
     Lair:5 |    8240 |   19537 |  70.3 |      21 |      53 |  71.6
    Swamp:1 |   15944 |     826 |   4.9 |      35 |       1 |   2.8
    Swamp:2 |    7855 |    1010 |  11.4 |      18 |       2 |  10.0
    Swamp:3 |   14770 |       0 |   0.0 |      30 |       0 |   0.0
    Swamp:4 |   16054 |   17967 |  52.8 |      28 |      25 |  47.2
   Spider:1 |   13442 |    3250 |  19.5 |      31 |       2 |   6.1
   Spider:2 |   13660 |       0 |   0.0 |      32 |       0 |   0.0
   Spider:3 |   20568 |       0 |   0.0 |      43 |       0 |   0.0
   Spider:4 |   19556 |   32039 |  62.1 |      47 |      54 |  53.5
    Slime:1 |    5066 |       0 |   0.0 |       7 |       0 |   0.0
    Slime:2 |   14237 |    2233 |  13.6 |      33 |       3 |   8.3
    Slime:3 |    4817 |       0 |   0.0 |       9 |       0 |   0.0
    Slime:4 |   11387 |       0 |   0.0 |      17 |       0 |   0.0
    Slime:5 |   19865 |   22789 |  53.4 |      34 |      20 |  37.0
      Orc:1 |    2174 |    2340 |  51.8 |      16 |      14 |  46.7
      Orc:2 |    3989 |   14646 |  78.6 |      44 |      37 |  45.7
      Elf:1 |   12906 |    8246 |  39.0 |      23 |      13 |  36.1
      Elf:2 |   28179 |   23455 |  45.4 |      43 |      30 |  41.1
      Elf:3 |   18068 |   27418 |  60.3 |      29 |      23 |  44.2
   Vaults:1 |   29689 |   11669 |  28.2 |      44 |      16 |  26.7
   Vaults:2 |   25898 |   19268 |  42.7 |      35 |      20 |  36.4
   Vaults:3 |   28840 |   30814 |  51.7 |      40 |      37 |  48.1
   Vaults:4 |   29863 |   30562 |  50.6 |      50 |      36 |  41.9
   Vaults:5 |   30114 |  102576 |  77.3 |      39 |      87 |  69.0
    Crypt:1 |   28403 |       0 |   0.0 |      44 |       0 |   0.0
    Crypt:2 |   39437 |   10004 |  20.2 |      51 |      10 |  16.4
    Crypt:3 |   29884 |   23878 |  44.4 |      39 |      17 |  30.4
   Depths:1 |   23406 |    2136 |   8.4 |      28 |       3 |   9.7
   Depths:2 |   21470 |   27396 |  56.1 |      30 |      29 |  49.2
   Depths:3 |   18819 |   36107 |  65.7 |      24 |      31 |  56.4
   Depths:4 |   22028 |   16207 |  42.4 |      26 |      15 |  36.6
       Hell |    8168 |   27569 |  77.1 |      14 |      34 |  70.8
      Zot:1 |   41905 |       0 |   0.0 |      39 |       0 |   0.0
      Zot:2 |    9255 |       0 |   0.0 |       8 |       0 |   0.0
      Zig:1 |    1952 |       0 |   0.0 |       1 |       0 |   0.0
      Zig:2 |    1134 |       0 |   0.0 |       7 |       0 |   0.0
      Zig:3 |    2731 |       0 |   0.0 |       4 |       0 |   0.0
      Zig:4 |    3501 |       0 |   0.0 |       7 |       0 |   0.0
      Zig:5 |    3616 |       0 |   0.0 |       8 |       0 |   0.0
      Zig:6 |   10688 |       0 |   0.0 |       6 |       0 |   0.0
      Zig:7 |    7892 |       0 |   0.0 |       7 |       0 |   0.0
      Zig:8 |    9016 |       0 |   0.0 |      10 |       0 |   0.0
      Zig:9 |    8878 |       0 |   0.0 |      13 |       0 |   0.0
      IceCv |       0 |     758 | 100.0 |       0 |       5 | 100.0
            +---------+---------+-------+---------+---------+-------

Skill      XL: |  1  2  3  4  5  6  7  8  9 10 11 12 13 14 15 16 17 18 19 20 21 22 23 24 25 26 27 |
---------------+----------------------------------------------------------------------------------+-----
Short Blades   | 2 |  2.5
Shields        | 3 4 6 7 |  7.0
Fighting       | 3 4 5 7 8 9 11 13 14 15 16 17 18 19 | 19.4
Armour         | 3 4 5 6 7 8 9 10 11 12 | 12.8
Polearms       | 1 2 3 4 6 7 8 10 11 12 | 12.7
Stealth        | 1 3 5 6 7 8 9 10 12 13 14 | 14.8
Invocations    | 2 4 5 6 7 8 10 11 12 13 14 15 | 15.6
Dodging        | 2 4 5 6 8 |  8.0
Evocations     | 3 4 5 6 8 9 10 | 10.5
Spellcasting   | 2 4 6 7 8 9 10 11 12 13 | 13.7
Translocations | 2 4 6 8 10 11 12 13 14 16 | 16.1
Conjurations   | 2 4 7 9 10 12 13 14 | 14.6
Throwing       | 1 4 |  4.0
Air Magic      | 4 7 9 10 11 13 | 13.3
Alchemy        | 2 8 11 12 13 14 15 | 15.0
Long Blades    | 3 7 9 12 | 12.4
Summonings     | 3 7 |  7.5
Staves         | |  0.9

Action                     |  1- 3 |  4- 6 |  7- 9 | 10-12 | 13-15 | 16-18 | 19-21 | 22-24 | 25-27 || total
---------------------------+-------+-------+-------+-------+-------+-------+-------+-------+-------++-------
  Melee: Rapier            |   100 |    27 |       |       |       |       |       |       |       ||   127
         Bite              |    18 |    20 |    56 |   191 |   622 |   667 |   601 |   541 |  1252 ||  3968
         Lance             |       |    85 |   264 |   666 |  1494 |  1814 |  1420 |  1234 |  2364 ||  9341
         Double sword      |       |       |       |       |       |       |       |       |    22 ||    22
         Scythe            |       |       |       |       |       |       |       |       |    13 ||    13
  Throw: Throwing net      |       |     2 |       |     4 |       |     1 |       |       |       ||     7
   Cast: Lesser Beckoning  |       |       |       |       |       |       |     4 |       |       ||     4
         Iskenderun's Myst |       |       |       |       |       |       |     3 |     4 |    14 ||    21
         Mercury Vapours   |       |       |       |       |       |       |     4 |     1 |       ||     5
         Manifold Assault  |       |       |       |       |       |       |       |     7 |    10 ||    17
         Swiftness         |       |       |       |       |       |       |       |     1 |     2 ||     3
         Airstrike         |       |       |       |       |       |       |       |       |     5 ||     5
         Olgreb's Toxic Ra |       |       |       |       |       |       |       |       |     2 ||     2
         Arcjolt           |       |       |       |       |       |       |       |       |     4 ||     4
         Summon Forest     |       |       |       |       |       |       |       |       |     4 ||     4
         Summon Lightning  |       |       |       |       |       |       |       |       |     4 ||     4
         Dispersal         |       |       |       |       |       |       |       |       |     3 ||     3
 Invoke: Heal Self         |       |       |       |     2 |     1 |     4 |     8 |     5 |     4 ||    24
         Purification      |       |       |       |     1 |     1 |     4 |       |       |     1 ||     7
         Heal Other        |       |       |       |     1 |     2 |     2 |       |     1 |       ||     6
         Divine Vigour     |       |       |       |       |       |     6 |       |     1 |     3 ||    10
  Evoke: Wand              |       |       |       |    14 |     4 |    30 |    14 |     2 |     7 ||    71
         Box of beasts     |       |       |       |     1 |     2 |       |     1 |       |     1 ||     5
         Lightning rod     |       |       |       |       |       |       |       |     2 |     5 ||     7
         Tin of tremorston |       |       |       |       |       |       |       |     2 |     4 ||     6
         Phantom mirror    |       |       |       |       |       |       |       |       |     1 ||     1
    Use: Potion            |       |     1 |     2 |     1 |     1 |     3 |     4 |     4 |     5 ||    21
         Scroll            |       |    14 |     1 |    11 |     8 |     7 |     6 |     7 |    14 ||    68
   Stab: Held in net/web   |       |       |       |     5 |       |       |       |       |     2 ||     7
         Distracted        |       |       |       |       |     1 |     7 |     8 |     9 |    17 ||    42
         Sleeping          |       |       |       |       |     3 |    19 |    39 |    24 |    33 ||   118
         Confused          |       |       |       |       |       |       |       |       |     1 ||     1
 Armour: Scale mail        |    77 |    45 |       |       |       |       |   617 |   605 |  1309 ||  2653
         Storm dragon scal |       |    33 |   147 |   281 |   589 |  1105 |    55 |       |       ||  2210
  Dodge: Dodged            |    54 |    44 |    55 |   141 |   324 |   591 |   336 |   287 |   687 ||  2519
  Block: Buckler           |    15 |    27 |    82 |   221 |   352 |   627 |   334 |   281 |   886 ||  2825
         Reflection        |       |       |     7 |    10 |    21 |     7 |    36 |     9 |    16 ||   106
         Other             |       |       |       |       |       |       |       |       |     2 ||     2

Illustrated notes

Table legend:
 A = Kills in this place as a percentage of kills in the entire game.
 B = Kills by you in this place as a percentage of kills by you in the entire game.
 C = Kills by friends in this place as a percentage of kills by friends in the entire game.
 D = Other kills in this place as a percentage of other kills in the entire game.
 E = Experience gained in this place as a percentage of experience gained in the entire game.
 F = Experience gained in this place divided by the number of levels of this place that you have seen.
                   A       B       C       D       E      F
               +-------+-------+-------+-------+-------+----------------------
         Total | 100.0 | 100.0 | 100.0 | 100.0 | 100.0 | 20439.4
       Dungeon |  19.1 |  19.2 |   0.0 |   9.1 |   5.3 | 4584.5
          Lair |   9.0 |   9.0 |  40.0 |   0.0 |   5.0 | 13013.8
         Swamp |   6.0 |   5.9 |   0.0 |  27.3 |   5.7 | 18606.5
   Spider Nest |   9.1 |   9.1 |   0.0 |   0.0 |   7.8 | 25628.8
    Slime Pits |   5.3 |   5.4 |   0.0 |   0.0 |   6.1 | 16078.8
  Orcish Mines |   4.8 |   4.8 |   0.0 |   9.1 |   1.8 | 11574.5
   Elven Halls |   7.0 |   7.0 |   0.0 |   9.1 |   9.0 | 39424.0
        Vaults |  17.5 |  17.6 |   0.0 |   0.0 |  25.9 | 67858.6
         Crypt |   7.0 |   7.0 |  20.0 |   0.0 |  10.1 | 43868.7
        Depths |   8.1 |   8.0 |   0.0 |  18.2 |  12.8 | 41892.2
          Hell |   2.1 |   2.1 |   0.0 |   0.0 |   2.7 | 35737.0
           Zot |   2.0 |   2.1 |   0.0 |   0.0 |   3.9 | 25580.0
      Ziggurat |   2.7 |   2.5 |  40.0 |  27.3 |   3.8 | 5489.8
      Ice Cave |   0.2 |   0.2 |   0.0 |   0.0 |   0.1 | 758.0
               +-------+-------+-------+-------+-------+----------------------

Table legend: (Time is in decaauts)
 A = Elapsed time spent in this place.
 B = Non-inter-level travel time spent in this place.
 C = Inter-level travel time spent in this place.
 D = Time resting spent in this place.
 E = Time spent auto-exploring this place.
 F = Levels seen in this place.
 G = Mean time per level.
                   A        B        C        D        E       F      G
               +--------+--------+--------+--------+--------+-----+--------+
         Total |  78938 |  71593 |   7345 |  25539 |  27018 |  64 | 1233.4 |
       Dungeon |  19050 |  16741 |   2309 |   4908 |   8058 |  15 | 1270.0 |
          Lair |   8144 |   7006 |   1138 |   2179 |   3261 |   5 | 1628.8 |
         Swamp |   5351 |   5152 |    199 |   2194 |   1907 |   4 | 1337.8 |
   Spider Nest |   7273 |   6689 |    584 |   2448 |   2247 |   4 | 1818.2 |
    Slime Pits |   3184 |   3094 |     90 |   1345 |    382 |   5 |  636.8 |
  Orcish Mines |   1863 |   1509 |    354 |    329 |    781 |   2 |  931.5 |
   Elven Halls |   7522 |   7048 |    474 |   3299 |   1764 |   3 | 2507.3 |
        Vaults |  10640 |   9456 |   1184 |   2590 |   4110 |   5 | 2128.0 |
         Crypt |   5840 |   5434 |    406 |   2982 |   1045 |   3 | 1946.7 |
        Depths |   6215 |   5676 |    539 |   1640 |   2603 |   4 | 1553.8 |
          Hell |   1008 |   1008 |      0 |    391 |    257 |   1 | 1008.0 |
           Zot |   1342 |   1278 |     64 |    340 |    600 |   2 |  671.0 |
      Ziggurat |   1295 |   1295 |      0 |    789 |      0 |   9 |  143.9 |
        Bazaar |     60 |     60 |      0 |      0 |      0 |   1 |   60.0 |
      Ice Cave |    145 |    145 |      0 |    100 |      0 |   1 |  145.0 |
               +--------+--------+--------+--------+--------+-----+--------+

Top non-repeatable levels by time:
   Elf:3: 3625 daAuts
Spider:4: 3366 daAuts
  Lair:5: 2950 daAuts
Vaults:5: 2945 daAuts
 Crypt:2: 2753 daAuts
Vaults:4: 2531 daAuts
   Elf:2: 2451 daAuts
    D:10: 2176 daAuts
Vaults:1: 2130 daAuts
Depths:2: 2084 daAuts
 Crypt:3: 2007 daAuts
Spider:1: 1972 daAuts
    D:14: 1662 daAuts
Vaults:2: 1659 daAuts
 Swamp:4: 1585 daAuts
